Workbook
Name Clasi_Impacto: [1]Tablas!$A$5:$A$7
Name Impacto: [1]Tablas!$A$1:$A$2
Name Nuevo: [2]!Pro[Procesos]
Name Probabilidad: [3]!Proba[Descriptor]
Name Procesos: [3]!Pro[Procesos]
Name Riesgos: [3]!Tipo_Riesgo[Tipo de Riesgos]
Name Tip.Ctrl: [1]Tablas!$A$27:$A$29
Name Tipo: [3]!Tipo_Riesgo[Tipo de Riesgos]

Sheet Mapa_riesgos_corrupción
A2: Mapa de Riesgos de corrupción 2021
A4: Sociedad de Activos Especiales S.A.S.
A8: IDENTIFICACIÓN DEL RIESGO | L8: ANÁLISIS DEL RIESGO | Q8: EVALUACIÓN DEL RIESGO | AH8: PLAN DE TRATAMIENTO DE MITIGACIÓN | AM8: SEGUIMIENTO PLAN DE TRATAMIENTO | AO8: SEGUIMIENTO OAP
A9: Numero | B9: Procesos/ Objetivo | C9: Objetivo del Proceso | D9: Impacto | E9: Causa Inmediata | F9: Causa Raíz | G9: Descripción del Riesgo | H9: Causas | I9: Consecuencia | J9: Factor del Riesgo | K9: Clasificación del Riesgo | L9: Frecuencia de la Actividad | M9: Probabilidad Inherente | N9: % Probabilidad | O9: Impacto Inherente | P9: % Impacto Inherente | Q9: Zona de Riesgo Inherente | R9: No. Control | S9: Desripción del Control | T9: Tipo de Control | U9: Afectación del control | V9: Implementación | W9: Calificación del Control | X9: Documentación | Y9: Frecuencia | Z9: Evidencia | AA9: Probabilidad Residual por Control | AB9: Probabilidad Residual Final | AC9: % Probabilidad Residual Final | AD9: Impacto Residual por Control | AE9: Impacto Residual Final | AF9: % Impacto Residual Final | AG9: Zona de Riesgo Residual | AH9: Tratamiento | AI9: Plan de Acción de Mitigación | AJ9: Responsable | AK9: Fecha Implementación | AL9: Fecha Seguimiento | AM9: Seguimiento (SegundoTrimestre) | AN9: Estado | AO9: ¿Riesgo con gestión? | AP9: Observación OAP
A11: 1 | B11: TODOS LOS PROCESOS | G11: Posibilidad de que un funcionario vaya mas allá de las funciones designadas con el fin de obtener un beneficio privado. | H11: Debido a que las funciones definidas para cada uno de los funcionarios no abarquen la totalidad de funciones del Área Debido a que no se cuente con la totalidad de procedimientos definidos Debido a que no se conocen las funciones de cada uno de los cargos | I11: Generación de Sanciones (penales, disciplinarias, morales) Pérdida de imagen reputacional | J11: Talento Humano | K11: Corrupción | L11: 247 | M11: =IF(L11<=2,"Muy Baja",IF(L11<=24,"Baja",IF(L11<=500,"Media",IF(L11<=5000,"Alta",IF(L11>5000,"Muy Alta"," "))))) -> Media | N11: =IF(M11="Muy alta",100%,IF(M11="Alta",80%,IF(M11="Media",60%,IF(M11="Baja",40%,IF(M11="Muy baja",20%,0%))))) -> 0.6 | O11: =IF(P11=100%,"Catastrófico",IF(P11=80%,"Mayor",IF(P11=60%,"Moderado",IF(P11=40%,"Menor",IF(P11=20%,"Leve"," "))))) | P11: =IFERROR(ROUND(AVERAGEIF([3]Impacto_Riesgos_Corrupción!$C$9:$AA$137,Mapa_riesgos_corrupción!A11,[3]Impacto_Riesgos_Corrupción!$AA$9:$AA$137),0),0) -> 0 | Q11: =IF(OR(AND(M11="Muy Baja",O11="Leve"),AND(M11="Muy Baja",O11="Menor"),AND(M11="Baja",O11="Leve")),"Bajo",IF(OR(AND(M11="Muy Baja",O11="Moderado"),AND(M11="Baja",O11="Menor"),AND(M11="Baja",O11="Moderado"),AND(M11="Media",O11="Leve"),AND(M11="Media",O11="Menor"),AND(M11="Media",O11="Moderado"),AND(M11="Alta",O11="Leve"),AND(M11="Alta",O11="Menor")),"Moderado",IF(OR(AND(M11="Muy Baja",O11="Mayor"),AND(M11="Baja",O11="Mayor"),AND(M11="Media",O11="Mayor"),AND(M11="Alta",O11="Moderado"),AND(M11="Alta",O11="Mayor"),AND(M11="Muy Alta",O11="Leve"),AND(M11="Muy Alta",O11="Menor"),AND(M11="Muy Alta",O11="Moderado"),AND(M11="Muy Alta",O11="Mayor")),"Alto",IF(OR(AND(M11="Muy Alta",O11="Catastrófico"),AND(M11="Alta",O11="Catastrófico"),AND(M11="Media",O11="Catastrófico"),AND(M11="Baja",O11="Catastrófico"),AND(M11="Muy Baja",O11="Catastrófico")),"Extremo"," ")))) | R11: 01_01 | S11: El Gerente de Talento Humano y los lideres de área validan de manera conjunta la comunicación de funciones a cada servidor de manera oportuna a partir de las funciones del cargo a desempeñar | T11: Preventivo | U11: =IF(T11=0," ",IF(T11="Correctivo","Impacto","Probabilidad")) -> Probabilidad | V11: Manual | W11: =SUM(IF(T11="Preventivo",25%,IF(T11="Detectivo",15%,IF(T11="Correctivo",10%,0%))),IF(V11="Automático",25%,IF(V11="Manual",15%,0%))) -> 0.4 | X11: Documentado | Y11: Continua | Z11: Con registro | AA11: =IF(U11="Probabilidad",(N11-(N11*W11)),N11) -> 0.36 | AB11: =IF(AC11<=20%,"Muy Baja",IF(AC11<=40%,"Baja",IF(AC11<=60%,"Media",IF(AC11<=80%,"Alta",IF(AC11<=100%,"Muy Alta",0%))))) -> Muy Baja | AC11: =AA17 -> 0.02667168 | AD11: =IF(U11="Impacto",(P11-(P11*W11)),P11) -> 0 | AE11: =IF(AF11<=20%,"Leve",IF(AF11<=40%,"Menor",IF(AF11<=60%,"Moderado",IF(AF11<=80%,"Mayor",IF(AF11<=100%,"Catastrófico",0%))))) -> Leve | AF11: =AD17 -> 0 | AG11: =IF(OR(AND(AB11="Muy Baja",AE11="Leve"),AND(AB11="Muy Baja",AE11="Menor"),AND(AB11="Baja",AE11="Leve")),"Bajo",IF(OR(AND(AB11="Muy Baja",AE11="Moderado"),AND(AB11="Baja",AE11="Menor"),AND(AB11="Baja",AE11="Moderado"),AND(AB11="Media",AE11="Leve"),AND(AB11="Media",AE11="Menor"),AND(AB11="Media",AE11="Moderado"),AND(AB11="Alta",AE11="Leve"),AND(AB11="Alta",AE11="Menor")),"Moderado",IF(OR(AND(AB11="Muy Baja",AE11="Mayor"),AND(AB11="Baja",AE11="Mayor"),AND(AB11="Media",AE11="Mayor"),AND(AB11="Alta",AE11="Moderado"),AND(AB11="Alta",AE11="Mayor"),AND(AB11="Muy Alta",AE11="Leve"),AND(AB11="Muy Alta",AE11="Menor"),AND(AB11="Muy Alta",AE11="Moderado"),AND(AB11="Muy Alta",AE11="Mayor")),"Alto",IF(OR(AND(AB11="Muy Alta",AE11="Catastrófico"),AND(AB11="Alta",AE11="Catastrófico"),AND(AB11="Media",AE11="Catastrófico"),AND(AB11="Baja",AE11="Catastrófico"),AND(AB11="Muy Baja",AE11="Catastrófico")),"Extremo",0%)))) -> Bajo | AH11: Reducir - Mitigación | AI11: Realizar capacitación sobre el código de ética y los efectos disciplinarios que conllevan actos inapropiados por parte de los Funcionarios de la SAE | AJ11: Gerencia de Talento Humano | AK11: 44270 | AL11: 44296 | AM11: En el periodo se contrataron 31 personas a las cuales se les envió el codigo de ética y el formato "Carta de conocimiento y aceptación del código de ética" el cual debió ser firmado y enviado con su contrato de trabajo mediante vinculación virtual. Adicionalmente se envía al colaborador vinculado el link de acceso al curso virtual de integridad del DAFP | AN11: En curso | AO11: SI | AP11: Ejecución de al menos una actividad de mitigación para reducir el riesgo
R12: 01_02 | S12: El Profesional Especializado III (Oficial de Seguridad) asigna los permisos de seguridad en aplicativos a los perfiles de usuarios solicitados y aprobados por los lideres de procesos, mediante la parametrización en los aplicativos y el registro en la matriz de seguridad de usuarios y perfiles por aplicativo. | T12: Preventivo | U12: =IF(T12=0," ",IF(T12="Correctivo","Impacto","Probabilidad")) -> Probabilidad | V12: Manual | W12: =SUM(IF(T12="Preventivo",25%,IF(T12="Detectivo",15%,IF(T12="Correctivo",10%,0%))),IF(V12="Automático",25%,IF(V12="Manual",15%,0%))) -> 0.4 | X12: Documentado | Y12: Continua | Z12: Con registro | AA12: =IF(U12="Probabilidad",(AA11-(AA11*W12)),AA11) -> 0.216 | AD12: =IF(U12="Impacto",(AD11-(AD11*W12)),AD11) -> 0 | AI12: Realizar capacitación sobre los efectos penales en los que incurre los colaboradores de SAE | AJ12: Gerencia de Asuntos Legales | AK12: 44459 | AL12: 44480 | AM12: No se han realizado teniendo en cuenta que la fecha de programación | AN12: Sin iniciar
R13: 01_03 | S13: El Profesional de la Gerencia de Asuntos Legales revisa a solicitud de las áreas la proyección de decretos de creación de comités para la toma de decisiones junto con sus funciones respectivas, realizando los respectivos ajustes y generando su numeración y comunicación cuando sea requerido. | T13: Preventivo | U13: =IF(T13=0," ",IF(T13="Correctivo","Impacto","Probabilidad")) -> Probabilidad | V13: Manual | W13: =SUM(IF(T13="Preventivo",25%,IF(T13="Detectivo",15%,IF(T13="Correctivo",10%,0%))),IF(V13="Automático",25%,IF(V13="Manual",15%,0%))) -> 0.4 | X13: Documentado | Y13: Aleatoria | Z13: Con registro | AA13: =IF(U13="Probabilidad",(AA12-(AA12*W13)),AA12) -> 0.1296 | AD13: =IF(U13="Impacto",(AD12-(AD12*W13)),AD12) -> 0 | AI13: Brindar una inducción específica del cargo a los funcionarios y contratistas nuevos, socializandole sus obligaciones contractuales o funciones, las limitaciones de su rol y aspectos éticos a tener en cuenta. | AJ13: Lideres de área | AK13: Todos los meses | AL13: 10/04/2021 10/07/2021 10/10/2021 31/12/2021 | AM13: * Gerencia de Contratos: NA * Gerencia Financiera: Ingresó un nuevo funcionario al área de Tesorería y se realizó la inducción correspondiente. * Gerencia Bienes Muebles: * Gerencia de Proyectos Especiales: Durante el segundo semestre no se incorporaron funcionarios nuevos en la Gerencia de Proyectos Especiales. * Gerencia de Talento Humano: Las inducciones se realizan virtual y se refuerzan presencial los temas específicos para el desarrollo de la labor. Los contenidos de la herramienta virtual se desarrollan en conjunto con la oficina de planeación quienes suministran los contenidos de acuerdo a la arquitectura organizacional (Macroprocesos, procesos y procedimientos). Ésta inducción se refuerza con capacitaciones en los temas especificos que impactan la labor. Para el 2021 se han realizado 52 inducciones virtuales, específicas 4. * Gerencia Técnica: Se realiza inducción a los funcionarios nuevos que ingresan a la gerencia técnica y se les hace firmar formulario de notificación de funciones, evidencia en la carpeta \\fileserver\publica\7 - Coordinación Técnica\AREA TECNICA\FUNCIONARIOS\GLOPEZ\Funciones * GIT Servicios Administrativos: Para los funcionarios nuevos que ingresan al area se realiza una induccion sobre los procesos a cargos del area y la limitaciones del cargo, a su vez, el Vicepresidente Administrativo y Financiero junto con el coordinador del área supervisa y valida el cumplimiento de las funciones según lo señalado en la Evaluación de desempeño. Cada uno de los funcionarios del área tienen establecidas sus actividades y funciones, las cuales previamente han sido acordadas y retroalimentadas según el Comunicado Individual de funciones. En cuanto a los contratistas nuevos dentro de las obligaciones que se enmarcan en el proceso contractual, se establece el concoer y acatar el cumplimiento del codigo de etica y buen gobierno que ha implementado la SAE, e igualmente cumplir con la normatividad interna y legal de la SAE. * GIT Archivo y Correspondencia: Anxo link de las capacitaciones del practicas SENA y NASES para la realización de sus acticidades en el archivo soportes guardados: \\fileserver\publica\26-Gestion Documental\SAE3\Recuperado 27-04-2020\SAE3\Informes\Gestión de riesgos *GIT Aseguramiento de la información: * Oficina de Comunicaciones y Atención al Ciudadano: 100% * Oficina de Control interno: No aplica para el segundo trimestre de 2021, debido a que no se han contratado colaboradores nuevos en el área * Oficina Asesora de Planeación: Durante el primer semestre no se realizó ninguna contratación o vinculación de nuevas personas dentro de la dependencia, por lo que no se realizaron inducciones específicas de cargo. *Presidencia: Se hace reunion mediante la plataforma Teams de seguiemiento dirigida por parte del Doctor Andres Avila junto con el equipo de Asesores del Despacho con el fin de socializar las obligaciones contractuales y plan de trabajo de cada uno de los miembros del equipo. * Gerencia de Sociedades en Liquidación: En el segundo trimestre (23/04/2021) se realizó la comunicación de funciones a los funcionarios de la Gerencia de Sociedades en Liquidación. * Oficina de Gestión de la Información: 100% * Gerencia Regional de Occidente: En ejecución los formatos de comuniccación individual de funciones, sujeto a cambios por el proyecto de dimensionamiento de planta y al objetivo comercial de la entidad. * Gerencia Regional Norte: La Regional no maneja un indicador asociado a esta actividad. El indicador con que se trabaja es el de destinataciones provisionales. * Gerencia Regional Centro Oriente: Se está realizando una organización parametrizada con mapas de procesos y organigramas con metas de cumplimiento, para tener más control de las funciones y alcances de cada funcionario. Adicional a esto se realizará cronogramas de mesas de trabajo con los depositarios y contratistas mensuales para medir y hacer seguimiento frente a las metas basadas en los resultados conforme al cumplimiento estricto de los procedimientos. * Gerencia Regional Sur Occidente: 100% * Gerencia de Bienes Inmuebles Urbanos: * Gerencia de Bienes Inmuebles Rurales: no se ha iniciado por desconocer el plan de mitigacion y las obligaciones del mismo. Se realiza la observacion que a la fecha no se tienen las funciones de tres contratistas de la parte administrativa * Gerencia de Sociedades Activas: En el segundo trimestre del año 2021, no ingresaron funcionario nuevos. Se dio la correspondiente inducción en el primer trimestre a los funcionarios que ingresaron a la Gerencia de Sociedades Activas, se informaron sus funciones y se dejó el respectivo soporte. * Gerencia Asuntos Legales: Se realizó la inducción a 2. La ruta que identifica la evidencia:\\fileserver\publica\3 - Gerencia Jurídica\1. DEFENSA JUDICIAL -G.A.L\12. SOPORTE DE INDICADORES\II TRIMESTRE\RIESGOS OPERATIVOS- CORRUPCIÓN\NOTIFICACION_FUNCIONES * Gerencia Comercial : ABRIL: Se realizaron capacitaciones a las diferentes Regionales en los temas correspondeintes a: a. Formalización de Ventas, b. Uso de pólizas y garantías,c. Cartera (notas, boletines y ajustes) Se asistieron a capacitaciones sobre Riesgos de la entidad y su tratamiento JUNIO: Se realiza reunión estratégica con líderes de proceso, para establecer estrategias de atención. Se socializaron las funciones establecidas para cada uno de los colaboradores de la Gerencia Comercial. Se asiste a capacitaciones acerca de la prevencion sobre el lavado de activos y financiación del terrorismo. | AN13: En curso
R14: 01_04 | S14: El profesional de la Gerencia de Talento Humano al ingreso de cada servidor le socializa el Código de Ética, formalizando la carta de aceptación y compromiso de cumplimiento con la firma del servidor. | T14: Detectivo | U14: =IF(T14=0," ",IF(T14="Correctivo","Impacto","Probabilidad")) -> Probabilidad | V14: Manual | W14: =SUM(IF(T14="Preventivo",25%,IF(T14="Detectivo",15%,IF(T14="Correctivo",10%,0%))),IF(V14="Automático",25%,IF(V14="Manual",15%,0%))) -> 0.3 | X14: Documentado | Y14: Continua | Z14: Con registro | AA14: =IF(U14="Probabilidad",(AA13-(AA13*W14)),AA13) -> 0.09072 | AD14: =IF(U14="Impacto",(AD13-(AD13*W14)),AD13) -> 0 | AI14: Realizar capacitación de riesgos de corrupción para sensibilizar a los funcionarios de las metodologías de gestión y seguimiento de este tipo de riesgos | AJ14: Oficina Asesora de Planeación Gerencia de Talento Humano | AK14: 44270 | AL14: 44296 | AM14: * Gerencia de Talento Humano: La Gerencia de Talento Humano en la contratación de los servidores socializa el Codigo de Etica y Buen Gobierno dejando como la evidencia la firma el formato "Carta de conocimiento y aceptación del código de ética" complementando con la realización del curso virtual de integridad, transparencia y lucha contra la corrupción del DAFP del cual se piden los certificados * Oficina Asesora de Planeación: en el primer semestre se realizó un video con capacitación relacionada con la metodología de gestión de riesgos enmarcada en riesgos de corrupción, para su respectiva socialización con las partes interesadas | AN14: Finalizado
R15: 01_05 | S15: El Gerente de Talento Humano y lideres de área realizan la evaluación de rendimiento, cada vez que sea requerido, para realizar seguimiento al cumplimiento de las funciones y compromisos asignados a los Funcionarios de SAE | T15: Detectivo | U15: =IF(T15=0," ",IF(T15="Correctivo","Impacto","Probabilidad")) -> Probabilidad | V15: Manual | W15: =SUM(IF(T15="Preventivo",25%,IF(T15="Detectivo",15%,IF(T15="Correctivo",10%,0%))),IF(V15="Automático",25%,IF(V15="Manual",15%,0%))) -> 0.3 | X15: Documentado | Y15: Aleatoria | Z15: Con registro | AA15: =IF(U15="Probabilidad",(AA14-(AA14*W15)),AA14) -> 0.063504 | AD15: =IF(U15="Impacto",(AD14-(AD14*W15)),AD14) -> 0
R16: 01_06 | S16: El profesional de la Oficina Asesora de Planeación realiza actualizaciones documentales de los procesos de la arquitectura de SAE, cuando sea requerido y a solitud de las áreas, limitando el alcance de las actividades que ejercen los colaboradores de SAE en función de la ejecución de los procesos. | T16: Preventivo | U16: =IF(T16=0," ",IF(T16="Correctivo","Impacto","Probabilidad")) -> Probabilidad | V16: Manual | W16: =SUM(IF(T16="Preventivo",25%,IF(T16="Detectivo",15%,IF(T16="Correctivo",10%,0%))),IF(V16="Automático",25%,IF(V16="Manual",15%,0%))) -> 0.4 | X16: Documentado | Y16: Continua | Z16: Con registro | AA16: =IF(U16="Probabilidad",(AA15-(AA15*W16)),AA15) -> 0.0381024 | AD16: =IF(U16="Impacto",(AD15-(AD15*W16)),AD15) -> 0 | AI16: Realizar capacitación de la dimensión 7 del MIPG, incluida la Gestión de Riesgos desde la perspectiva de Control Interno. | AJ16: Oficina de Control Interno Oficina Asesora de Planeación | AK16: 44278 | AL16: 44296 | AM16: Oficina de Control interno: Finalizada en el primer trimestre de 2021. Oficina Asesora de Planeación: en el primer semestre se realizó capacitacion conjuntamente con la Oficina de Control Interno, sensibilizando a los gestores de riesgos en cuanto a la dimesión 7 del MIPG y de las generalidades de la gestión del riesgo. | AN16: Finalizado
R17: 01_07 | S17: El profesional de la Oficina de Control Interno realiza evaluaciones independientes a la gestión institucional de acuerdo con la programación establecida en el Plan Anual de Auditorías Institucional- PAAI a fin de identificar riesgos, desviaciones o irregularidades | T17: Detectivo | U17: =IF(T17=0," ",IF(T17="Correctivo","Impacto","Probabilidad")) -> Probabilidad | V17: Manual | W17: =SUM(IF(T17="Preventivo",25%,IF(T17="Detectivo",15%,IF(T17="Correctivo",10%,0%))),IF(V17="Automático",25%,IF(V17="Manual",15%,0%))) -> 0.3 | X17: Documentado | Y17: Aleatoria | Z17: Con registro | AA17: =IF(U17="Probabilidad",(AA16-(AA16*W17)),AA16) -> 0.02667168 | AD17: =IF(U17="Impacto",(AD16-(AD16*W17)),AD16) -> 0
A18: 3 | B18: TODOS LOS PROCESOS | G18: Puede ocurrir intercambio extraoficial de favores, en el cual un individuo se beneficie a si mismo o a un tercero. Amiguismo y clientelismo. | H18: Debido al "contacto permanente" con depositarios, liquidadores y Mandatarios, contratistas, proveedores y arrendatarios Debido a una cultura interna de amiguismo Debido a las relaciones personales derivadas de las relaciones interinstitucionales y con entes de control | I18: Lo cual generaría una pérdida de imagen reputacional Lo cual generaría Sanciones a la entidad y sus funcionarios (penales, disciplinarias, morales) | J18: Talento Humano | K18: Corrupción | L18: 247 | M18: =IF(L18<=2,"Muy Baja",IF(L18<=24,"Baja",IF(L18<=500,"Media",IF(L18<=5000,"Alta",IF(L18>5000,"Muy Alta"," "))))) -> Media | N18: =IF(M18="Muy alta",100%,IF(M18="Alta",80%,IF(M18="Media",60%,IF(M18="Baja",40%,IF(M18="Muy baja",20%,0%))))) -> 0.6 | O18: =IF(P18=100%,"Catastrófico",IF(P18=80%,"Mayor",IF(P18=60%,"Moderado",IF(P18=40%,"Menor",IF(P18=20%,"Leve"," "))))) | P18: =IFERROR(ROUND(AVERAGEIF([3]Impacto_Riesgos_Corrupción!$C$9:$AA$137,Mapa_riesgos_corrupción!A18,[3]Impacto_Riesgos_Corrupción!$AA$9:$AA$137),0),0) -> 0 | Q18: =IF(OR(AND(M18="Muy Baja",O18="Leve"),AND(M18="Muy Baja",O18="Menor"),AND(M18="Baja",O18="Leve")),"Bajo",IF(OR(AND(M18="Muy Baja",O18="Moderado"),AND(M18="Baja",O18="Menor"),AND(M18="Baja",O18="Moderado"),AND(M18="Media",O18="Leve"),AND(M18="Media",O18="Menor"),AND(M18="Media",O18="Moderado"),AND(M18="Alta",O18="Leve"),AND(M18="Alta",O18="Menor")),"Moderado",IF(OR(AND(M18="Muy Baja",O18="Mayor"),AND(M18="Baja",O18="Mayor"),AND(M18="Media",O18="Mayor"),AND(M18="Alta",O18="Moderado"),AND(M18="Alta",O18="Mayor"),AND(M18="Muy Alta",O18="Leve"),AND(M18="Muy Alta",O18="Menor"),AND(M18="Muy Alta",O18="Moderado"),AND(M18="Muy Alta",O18="Mayor")),"Alto",IF(OR(AND(M18="Muy Alta",O18="Catastrófico"),AND(M18="Alta",O18="Catastrófico"),AND(M18="Media",O18="Catastrófico"),AND(M18="Baja",O18="Catastrófico"),AND(M18="Muy Baja",O18="Catastrófico")),"Extremo"," ")))) | R18: 03_01 | S18: El Coordinador del GIT de Servicios Administrativos valida que la Entidad cuente con cámaras y grabación de sonido en sedes de funcionamiento de las zonas únicas de atención al ciudadano, a través de la supervisión del servicio de vigilancia tercerizado. | T18: Detectivo | U18: =IF(T18=0," ",IF(T18="Correctivo","Impacto","Probabilidad")) -> Probabilidad | V18: Manual | W18: =SUM(IF(T18="Preventivo",25%,IF(T18="Detectivo",15%,IF(T18="Correctivo",10%,0%))),IF(V18="Automático",25%,IF(V18="Manual",15%,0%))) -> 0.3 | X18: Documentado | Y18: Continua | Z18: Con registro | AA18: =IF(U18="Probabilidad",(N18-(N18*W18)),N18) -> 0.42 | AB18: =IF(AC18<=20%,"Muy Baja",IF(AC18<=40%,"Baja",IF(AC18<=60%,"Media",IF(AC18<=80%,"Alta",IF(AC18<=100%,"Muy Alta",0%))))) -> Muy Baja | AC18: =AA23 -> 0.0381024 | AD18: =IF(U18="Impacto",(P18-(P18*W18)),P18) -> 0 | AE18: =IF(AF18<=20%,"Leve",IF(AF18<=40%,"Menor",IF(AF18<=60%,"Moderado",IF(AF18<=80%,"Mayor",IF(AF18<=100%,"Catastrófico",0%))))) -> Leve | AF18: =AD23 -> 0 | AG18: =IF(OR(AND(AB18="Muy Baja",AE18="Leve"),AND(AB18="Muy Baja",AE18="Menor"),AND(AB18="Baja",AE18="Leve")),"Bajo",IF(OR(AND(AB18="Muy Baja",AE18="Moderado"),AND(AB18="Baja",AE18="Menor"),AND(AB18="Baja",AE18="Moderado"),AND(AB18="Media",AE18="Leve"),AND(AB18="Media",AE18="Menor"),AND(AB18="Media",AE18="Moderado"),AND(AB18="Alta",AE18="Leve"),AND(AB18="Alta",AE18="Menor")),"Moderado",IF(OR(AND(AB18="Muy Baja",AE18="Mayor"),AND(AB18="Baja",AE18="Mayor"),AND(AB18="Media",AE18="Mayor"),AND(AB18="Alta",AE18="Moderado"),AND(AB18="Alta",AE18="Mayor"),AND(AB18="Muy Alta",AE18="Leve"),AND(AB18="Muy Alta",AE18="Menor"),AND(AB18="Muy Alta",AE18="Moderado"),AND(AB18="Muy Alta",AE18="Mayor")),"Alto",IF(OR(AND(AB18="Muy Alta",AE18="Catastrófico"),AND(AB18="Alta",AE18="Catastrófico"),AND(AB18="Media",AE18="Catastrófico"),AND(AB18="Baja",AE18="Catastrófico"),AND(AB18="Muy Baja",AE18="Catastrófico")),"Extremo",0%)))) -> Bajo | AH18: Reducir - Mitigación | AI18: Realizar capacitación sobre el código de ética y los efectos disciplinarios que conllevan actos inapropiados por parte de los Funcionarios de la SAE | AJ18: Gerencia de Talento Humano | AK18: 44270 | AL18: 44296 | AM18: En el periodo se contrataron 31 personas a las cuales se les envió el codigo de ética y el formato "Carta de conocimiento y aceptación del código de ética" el cual debió ser firmado y enviado con su contrato de trabajo mediante vinculación virtual. Adicionalmente se envía al colaborador vinculado el link de acceso al curso virtual de integridad del DAFP | AN18: En curso | AO18: SI | AP18: Ejecución de al menos una actividad de mitigación para reducir el riesgo
R19: 03_02 | S19: El Coordinador del GIT de Servicios Administrativos valida que el servicio de vigilancia tercerizado registre los visitantes a la Entidad, a través del diligenciamiento del Formato de Control de Visitantes | T19: Preventivo | U19: =IF(T19=0," ",IF(T19="Correctivo","Impacto","Probabilidad")) -> Probabilidad | V19: Manual | W19: =SUM(IF(T19="Preventivo",25%,IF(T19="Detectivo",15%,IF(T19="Correctivo",10%,0%))),IF(V19="Automático",25%,IF(V19="Manual",15%,0%))) -> 0.4 | X19: Documentado | Y19: Continua | Z19: Con registro | AA19: =IF(U19="Probabilidad",(AA18-(AA18*W19)),AA18) -> 0.252 | AD19: =IF(U19="Impacto",(AD18-(AD18*W19)),AD18) -> 0
R20: 03_03 | S20: El profesional de la Gerencia de Talento Humano al ingreso de cada servidor le socializa el Código de Ética, formalizando la carta de aceptación y compromiso de cumplimiento con la firma del servidor. | T20: Preventivo | U20: =IF(T20=0," ",IF(T20="Correctivo","Impacto","Probabilidad")) -> Probabilidad | V20: Manual | W20: =SUM(IF(T20="Preventivo",25%,IF(T20="Detectivo",15%,IF(T20="Correctivo",10%,0%))),IF(V20="Automático",25%,IF(V20="Manual",15%,0%))) -> 0.4 | X20: Documentado | Y20: Continua | Z20: Con registro | AA20: =IF(U20="Probabilidad",(AA19-(AA19*W20)),AA19) -> 0.1512 | AD20: =IF(U20="Impacto",(AD19-(AD19*W20)),AD19) -> 0
R21: 03_04 | S21: El profesional de la Oficina de Control Interno realiza evaluaciones independientes a la gestión institucional de acuerdo con la programación establecida en el Plan Anual de Auditorías Institucional- PAAI a fin de identificar riesgos, desviaciones o irregularidades | T21: Detectivo | U21: =IF(T21=0," ",IF(T21="Correctivo","Impacto","Probabilidad")) -> Probabilidad | V21: Manual | W21: =SUM(IF(T21="Preventivo",25%,IF(T21="Detectivo",15%,IF(T21="Correctivo",10%,0%))),IF(V21="Automático",25%,IF(V21="Manual",15%,0%))) -> 0.3 | X21: Documentado | Y21: Aleatoria | Z21: Con registro | AA21: =IF(U21="Probabilidad",(AA20-(AA20*W21)),AA20) -> 0.10584 | AD21: =IF(U21="Impacto",(AD20-(AD20*W21)),AD20) -> 0 | AI21: Publicar cada vez que sea requerido los términos de referencia y/o pliegos de condiciones de los servicios o productos a contratar para observaciones de los ciudadanos y/o interesados en cada proceso a fin de establecer condiciones equitativas para la participación del proceso | AJ21: Gerencia de Contratos | AK21: Todos los meses | AL21: 10/04/2021 10/07/2021 10/10/2021 31/12/2021 | AM21: 14 procesos se han publicado en la página web y en el SECOP | AN21: En curso
R22: 03_05 | S22: El profesional de la Oficina de Gestión de la Información asigna licencia de correo corporativo para la centralización de información corporativa, de acuerdo con las necesidades de cada proceso, previa solicitud en la mesa de ayuda | T22: Preventivo | U22: =IF(T22=0," ",IF(T22="Correctivo","Impacto","Probabilidad")) -> Probabilidad | V22: Manual | W22: =SUM(IF(T22="Preventivo",25%,IF(T22="Detectivo",15%,IF(T22="Correctivo",10%,0%))),IF(V22="Automático",25%,IF(V22="Manual",15%,0%))) -> 0.4 | X22: Documentado | Y22: Continua | Z22: Con registro | AA22: =IF(U22="Probabilidad",(AA21-(AA21*W22)),AA21) -> 0.063504 | AD22: =IF(U22="Impacto",(AD21-(AD21*W22)),AD21) -> 0
R23: 03_06 | S23: El Jefe de la Oficina de Gestión de la Información asigna la infraestructura tecnológica necesaria para la comunicación formal externa e interna, apoyados en las diferentes herramientas y sistemas de información, para la ejecución de las actividades institucionales | T23: Preventivo | U23: =IF(T23=0," ",IF(T23="Correctivo","Impacto","Probabilidad")) -> Probabilidad | V23: Manual | W23: =SUM(IF(T23="Preventivo",25%,IF(T23="Detectivo",15%,IF(T23="Correctivo",10%,0%))),IF(V23="Automático",25%,IF(V23="Manual",15%,0%))) -> 0.4 | X23: Documentado | Y23: Continua | Z23: Con registro | AA23: =IF(U23="Probabilidad",(AA22-(AA22*W23)),AA22) -> 0.0381024 | AD23: =IF(U23="Impacto",(AD22-(AD22*W23)),AD22) -> 0
A24: 4 | B24: TODOS LOS PROCESOS | G24: Puede presentarse situaciones de orden moral y económico que le impidan a un funcionario actuar en forma objetiva e independiente, porque le sea particularmente conveniente. | H24: Debido a la falta de mecanismos de control en la identificación de posibles conflictos de interés y definición de políticas Debido a una cultura interna de amiguismo Debido a la inexistencia de política de atención psicosocial a los funcionarios de la entidad | I24: Lo cual generaría una pérdida de imagen reputacional Lo cual generaría Sanciones a la entidad y sus funcionarios (penales, disciplinarias, morales) | J24: Talento Humano | K24: Corrupción | L24: 247 | M24: =IF(L24<=2,"Muy Baja",IF(L24<=24,"Baja",IF(L24<=500,"Media",IF(L24<=5000,"Alta",IF(L24>5000,"Muy Alta"," "))))) -> Media | N24: =IF(M24="Muy alta",100%,IF(M24="Alta",80%,IF(M24="Media",60%,IF(M24="Baja",40%,IF(M24="Muy baja",20%,0%))))) -> 0.6 | O24: =IF(P24=100%,"Catastrófico",IF(P24=80%,"Mayor",IF(P24=60%,"Moderado",IF(P24=40%,"Menor",IF(P24=20%,"Leve"," "))))) | P24: =IFERROR(ROUND(AVERAGEIF([3]Impacto_Riesgos_Corrupción!$C$9:$AA$137,Mapa_riesgos_corrupción!A24,[3]Impacto_Riesgos_Corrupción!$AA$9:$AA$137),0),0) -> 0 | Q24: =IF(OR(AND(M24="Muy Baja",O24="Leve"),AND(M24="Muy Baja",O24="Menor"),AND(M24="Baja",O24="Leve")),"Bajo",IF(OR(AND(M24="Muy Baja",O24="Moderado"),AND(M24="Baja",O24="Menor"),AND(M24="Baja",O24="Moderado"),AND(M24="Media",O24="Leve"),AND(M24="Media",O24="Menor"),AND(M24="Media",O24="Moderado"),AND(M24="Alta",O24="Leve"),AND(M24="Alta",O24="Menor")),"Moderado",IF(OR(AND(M24="Muy Baja",O24="Mayor"),AND(M24="Baja",O24="Mayor"),AND(M24="Media",O24="Mayor"),AND(M24="Alta",O24="Moderado"),AND(M24="Alta",O24="Mayor"),AND(M24="Muy Alta",O24="Leve"),AND(M24="Muy Alta",O24="Menor"),AND(M24="Muy Alta",O24="Moderado"),AND(M24="Muy Alta",O24="Mayor")),"Alto",IF(OR(AND(M24="Muy Alta",O24="Catastrófico"),AND(M24="Alta",O24="Catastrófico"),AND(M24="Media",O24="Catastrófico"),AND(M24="Baja",O24="Catastrófico"),AND(M24="Muy Baja",O24="Catastrófico")),"Extremo"," ")))) | R24: 04_01 | S24: El profesional de Talento Humano valida el cumplimiento que los perfiles de los aspirantes sean idóneos en SAE, mediante los procesos de selección y estudio de seguridad. | T24: Preventivo | U24: =IF(T24=0," ",IF(T24="Correctivo","Impacto","Probabilidad")) -> Probabilidad | V24: Manual | W24: =SUM(IF(T24="Preventivo",25%,IF(T24="Detectivo",15%,IF(T24="Correctivo",10%,0%))),IF(V24="Automático",25%,IF(V24="Manual",15%,0%))) -> 0.4 | X24: Documentado | Y24: Continua | Z24: Con registro | AA24: =IF(U24="Probabilidad",(N24-(N24*W24)),N24) -> 0.36 | AB24: =IF(AC24<=20%,"Muy Baja",IF(AC24<=40%,"Baja",IF(AC24<=60%,"Media",IF(AC24<=80%,"Alta",IF(AC24<=100%,"Muy Alta",0%))))) -> Muy Baja | AC24: =AA28 -> 0.09072 | AD24: =IF(U24="Impacto",(P24-(P24*W24)),P24) -> 0 | AE24: =IF(AF24<=20%,"Leve",IF(AF24<=40%,"Menor",IF(AF24<=60%,"Moderado",IF(AF24<=80%,"Mayor",IF(AF24<=100%,"Catastrófico",0%))))) -> Leve | AF24: =AD28 -> 0 | AG24: =IF(OR(AND(AB24="Muy Baja",AE24="Leve"),AND(AB24="Muy Baja",AE24="Menor"),AND(AB24="Baja",AE24="Leve")),"Bajo",IF(OR(AND(AB24="Muy Baja",AE24="Moderado"),AND(AB24="Baja",AE24="Menor"),AND(AB24="Baja",AE24="Moderado"),AND(AB24="Media",AE24="Leve"),AND(AB24="Media",AE24="Menor"),AND(AB24="Media",AE24="Moderado"),AND(AB24="Alta",AE24="Leve"),AND(AB24="Alta",AE24="Menor")),"Moderado",IF(OR(AND(AB24="Muy Baja",AE24="Mayor"),AND(AB24="Baja",AE24="Mayor"),AND(AB24="Media",AE24="Mayor"),AND(AB24="Alta",AE24="Moderado"),AND(AB24="Alta",AE24="Mayor"),AND(AB24="Muy Alta",AE24="Leve"),AND(AB24="Muy Alta",AE24="Menor"),AND(AB24="Muy Alta",AE24="Moderado"),AND(AB24="Muy Alta",AE24="Mayor")),"Alto",IF(OR(AND(AB24="Muy Alta",AE24="Catastrófico"),AND(AB24="Alta",AE24="Catastrófico"),AND(AB24="Media",AE24="Catastrófico"),AND(AB24="Baja",AE24="Catastrófico"),AND(AB24="Muy Baja",AE24="Catastrófico")),"Extremo",0%)))) -> Bajo | AH24: Reducir - Mitigación | AI24: Realizar auditorías de gestión institucional donde se revisen los riesgos que afectan o impactan el objetivo y alcance de la auditoria, y se evaluen los controles asociados a los riesgos como 3era linea de defensa. | AJ24: Oficina de Control Interno | AK24: De acuerdo con programación del PAAI | AL24: 10/04/2021 10/07/2021 10/10/2021 31/12/2021 | AM24: En el periodo evaluado se realizó una auditoria interna de gestión a los bienes inmuebles disponibles para arrendamiento en la página de SAE y medios contratados | AN24: En curso | AO24: SI | AP24: Ejecución de al menos una actividad de mitigación para reducir el riesgo
R25: 04_02 | S25: El Coordinador del GIT de Conflicto de Interés valida los impedimentos o inhabilidades que presenten los servidores para ejercer sus funciones, mediante la aplicación del procedimiento de conflicto de intereses en la entidad. | T25: Preventivo | U25: =IF(T25=0," ",IF(T25="Correctivo","Impacto","Probabilidad")) -> Probabilidad | V25: Manual | W25: =SUM(IF(T25="Preventivo",25%,IF(T25="Detectivo",15%,IF(T25="Correctivo",10%,0%))),IF(V25="Automático",25%,IF(V25="Manual",15%,0%))) -> 0.4 | X25: Documentado | Y25: Aleatoria | Z25: Con registro | AA25: =IF(U25="Probabilidad",(AA24-(AA24*W25)),AA24) -> 0.216 | AD25: =IF(U25="Impacto",(AD24-(AD24*W25)),AD24) -> 0 | AI25: Realizar seguimiento cuatrimestral al Mapa de Riesgos de Corrupción de acuerdo con la programación establecia en el PAAI 2021. | AJ25: Oficina de Control Interno | AK25: 10/05/2021 10/09/2021 31/12/2021 | AL25: 10/07/2021 10/10/2021 31/12/2021 | AM25: En el primer cuatrimestre se llevó a cabo el seguimiento al mapa de riesgos de corrupción. Los resultados se encuentran en la página Web de SAE en el enlace: https://www.saesas.gov.co/transparencia_acceso_informaciOn_pUblica/7_control/7_1_informes_gestion_evaluacion_32820/d_informes_organismos_inspeccion_32993/2021 | AN25: En curso
R26: 04_03 | S26: El Profesional de la Gerencia Comercial valida que se comuniquen las ofertas y procesos de venta de manera transparente a través de publicación de información en la página web del operador comercial | T26: Preventivo | U26: =IF(T26=0," ",IF(T26="Correctivo","Impacto","Probabilidad")) -> Probabilidad | V26: Manual | W26: =SUM(IF(T26="Preventivo",25%,IF(T26="Detectivo",15%,IF(T26="Correctivo",10%,0%))),IF(V26="Automático",25%,IF(V26="Manual",15%,0%))) -> 0.4 | X26: Documentado | Y26: Continua | Z26: Con registro | AA26: =IF(U26="Probabilidad",(AA25-(AA25*W26)),AA25) -> 0.1296 | AD26: =IF(U26="Impacto",(AD25-(AD25*W26)),AD25) -> 0
R27: 04_04 | S27: El profesional de la Oficina de Control Interno realiza evaluaciones independientes a la gestión institucional de acuerdo con la programación establecida en el Plan Anual de Auditorías Institucional- PAAI a fin de identificar riesgos, desviaciones o irregularidades | T27: Detectivo | U27: =IF(T27=0," ",IF(T27="Correctivo","Impacto","Probabilidad")) -> Probabilidad | V27: Manual | W27: =SUM(IF(T27="Preventivo",25%,IF(T27="Detectivo",15%,IF(T27="Correctivo",10%,0%))),IF(V27="Automático",25%,IF(V27="Manual",15%,0%))) -> 0.3 | X27: Documentado | Y27: Aleatoria | Z27: Con registro | AA27: =IF(U27="Probabilidad",(AA26-(AA26*W27)),AA26) -> 0.09072 | AD27: =IF(U27="Impacto",(AD26-(AD26*W27)),AD26) -> 0 | AI27: Realizar socialización de la gestión del GIT de Conflicto de Interés para que los servidores recurran a este en los casos que se requieran | AJ27: GIT de Conflicto de Interés | AK27: 44270 | AL27: 44296 | AM27: NA | AN27: Sin iniciar
U28: =IF(T28=0," ",IF(T28="Correctivo","Impacto","Probabilidad")) | W28: =SUM(IF(T28="Preventivo",25%,IF(T28="Detectivo",15%,IF(T28="Correctivo",10%,0%))),IF(V28="Automático",25%,IF(V28="Manual",15%,0%))) -> 0 | AA28: =IF(U28="Probabilidad",(AA27-(AA27*W28)),AA27) -> 0.09072 | AD28: =IF(U28="Impacto",(AD27-(AD27*W28)),AD27) -> 0
A29: 6 | B29: GESTIÓN DE ADQUISICIONES | G29: Posibilidad de recibir o solicitar cualquier dádiva o beneficio a nombre propio o de terceros con el fin de celebrar un contrato. | H29: Como consecuencias de la ineficacia de los controles definidos Debido a que no se cuente con lineamientos claros, en términos de conflictos de interés Falta de difusión de los lineamientos o políticas sobre conflictos de interés Inaplicación del Manual de Ética y Buen Gobierno | I29: Lo cual generaría una pérdida de imagen reputacional Lo cual generaría Sanciones a la entidad y sus funcionarios (penales, disciplinarias, morales) Lo cual ocasionaría demandas de la ciudadanía | J29: Talento Humano | K29: Corrupción | L29: 52 | M29: =IF(L29<=2,"Muy Baja",IF(L29<=24,"Baja",IF(L29<=500,"Media",IF(L29<=5000,"Alta",IF(L29>5000,"Muy Alta"," "))))) -> Media | N29: =IF(M29="Muy alta",100%,IF(M29="Alta",80%,IF(M29="Media",60%,IF(M29="Baja",40%,IF(M29="Muy baja",20%,0%))))) -> 0.6 | O29: =IF(P29=100%,"Catastrófico",IF(P29=80%,"Mayor",IF(P29=60%,"Moderado",IF(P29=40%,"Menor",IF(P29=20%,"Leve"," "))))) | P29: =IFERROR(ROUND(AVERAGEIF([3]Impacto_Riesgos_Corrupción!$C$9:$AA$137,Mapa_riesgos_corrupción!A29,[3]Impacto_Riesgos_Corrupción!$AA$9:$AA$137),0),0) -> 0 | Q29: =IF(OR(AND(M29="Muy Baja",O29="Leve"),AND(M29="Muy Baja",O29="Menor"),AND(M29="Baja",O29="Leve")),"Bajo",IF(OR(AND(M29="Muy Baja",O29="Moderado"),AND(M29="Baja",O29="Menor"),AND(M29="Baja",O29="Moderado"),AND(M29="Media",O29="Leve"),AND(M29="Media",O29="Menor"),AND(M29="Media",O29="Moderado"),AND(M29="Alta",O29="Leve"),AND(M29="Alta",O29="Menor")),"Moderado",IF(OR(AND(M29="Muy Baja",O29="Mayor"),AND(M29="Baja",O29="Mayor"),AND(M29="Media",O29="Mayor"),AND(M29="Alta",O29="Moderado"),AND(M29="Alta",O29="Mayor"),AND(M29="Muy Alta",O29="Leve"),AND(M29="Muy Alta",O29="Menor"),AND(M29="Muy Alta",O29="Moderado"),AND(M29="Muy Alta",O29="Mayor")),"Alto",IF(OR(AND(M29="Muy Alta",O29="Catastrófico"),AND(M29="Alta",O29="Catastrófico"),AND(M29="Media",O29="Catastrófico"),AND(M29="Baja",O29="Catastrófico"),AND(M29="Muy Baja",O29="Catastrófico")),"Extremo"," ")))) | R29: 06_01 | S29: El Gerente de Contratos verifica que las necesidades contractuales que presentan las áreas tengan viabilidad jurídica, técnica y financiera mediante la presentación y análisis en el comité de contratación. | T29: Preventivo | U29: =IF(T29=0," ",IF(T29="Correctivo","Impacto","Probabilidad")) -> Probabilidad | V29: Manual | W29: =SUM(IF(T29="Preventivo",25%,IF(T29="Detectivo",15%,IF(T29="Correctivo",10%,0%))),IF(V29="Automático",25%,IF(V29="Manual",15%,0%))) -> 0.4 | X29: Documentado | Y29: Aleatoria | Z29: Con registro | AA29: =IF(U29="Probabilidad",(N29-(N29*W29)),N29) -> 0.36 | AB29: =IF(AC29<=20%,"Muy Baja",IF(AC29<=40%,"Baja",IF(AC29<=60%,"Media",IF(AC29<=80%,"Alta",IF(AC29<=100%,"Muy Alta",0%))))) -> Muy Baja | AC29: =AA33 -> 0.1764 | AD29: =IF(U29="Impacto",(P29-(P29*W29)),P29) -> 0 | AE29: =IF(AF29<=20%,"Leve",IF(AF29<=40%,"Menor",IF(AF29<=60%,"Moderado",IF(AF29<=80%,"Mayor",IF(AF29<=100%,"Catastrófico",0%))))) -> Leve | AF29: =AD33 -> 0 | AG29: =IF(OR(AND(AB29="Muy Baja",AE29="Leve"),AND(AB29="Muy Baja",AE29="Menor"),AND(AB29="Baja",AE29="Leve")),"Bajo",IF(OR(AND(AB29="Muy Baja",AE29="Moderado"),AND(AB29="Baja",AE29="Menor"),AND(AB29="Baja",AE29="Moderado"),AND(AB29="Media",AE29="Leve"),AND(AB29="Media",AE29="Menor"),AND(AB29="Media",AE29="Moderado"),AND(AB29="Alta",AE29="Leve"),AND(AB29="Alta",AE29="Menor")),"Moderado",IF(OR(AND(AB29="Muy Baja",AE29="Mayor"),AND(AB29="Baja",AE29="Mayor"),AND(AB29="Media",AE29="Mayor"),AND(AB29="Alta",AE29="Moderado"),AND(AB29="Alta",AE29="Mayor"),AND(AB29="Muy Alta",AE29="Leve"),AND(AB29="Muy Alta",AE29="Menor"),AND(AB29="Muy Alta",AE29="Moderado"),AND(AB29="Muy Alta",AE29="Mayor")),"Alto",IF(OR(AND(AB29="Muy Alta",AE29="Catastrófico"),AND(AB29="Alta",AE29="Catastrófico"),AND(AB29="Media",AE29="Catastrófico"),AND(AB29="Baja",AE29="Catastrófico"),AND(AB29="Muy Baja",AE29="Catastrófico")),"Extremo",0%)))) -> Bajo | AH29: Reducir - Mitigación | AI29: Realizar capacitación del manual de contratación y las responsabilidades de los involucrados en las etapas pre-contractuales, contractuales y post-contractuales | AJ29: Gerencia de Contratos | AK29: 44392 | AL29: 44479 | AM29: 4 capacitaciones que no se limitan al manual de contratación, sino también son sobre contratación misional | AN29: Finalizado | AO29: SI | AP29: Ejecución de al menos una actividad de mitigación para reducir el riesgo
R30: 06_02 | S30: El Gerente de Contratos valida que los procesos de selección de contratación tengan una evaluación financiera, jurídica y técnica asignando un comité evaluador y validando las evaluaciones suministradas. | T30: Detectivo | U30: =IF(T30=0," ",IF(T30="Correctivo","Impacto","Probabilidad")) -> Probabilidad | V30: Manual | W30: =SUM(IF(T30="Preventivo",25%,IF(T30="Detectivo",15%,IF(T30="Correctivo",10%,0%))),IF(V30="Automático",25%,IF(V30="Manual",15%,0%))) -> 0.3 | X30: Documentado | Y30: Continua | Z30: Con registro | AA30: =IF(U30="Probabilidad",(AA29-(AA29*W30)),AA29) -> 0.252 | AD30: =IF(U30="Impacto",(AD29-(AD29*W30)),AD29) -> 0 | AI30: Publicar cada vez que sea requerido los términos de referencia y/o pliegos de condiciones de los servicios o productos a contratar para observaciones de los ciudadanos y/o interesados en cada proceso a fin de establecer condiciones equitativas para la participación del proceso | AJ30: Gerencia de Contratos | AK30: Todos los meses | AL30: 10/04/2021 10/07/2021 10/10/2021 31/12/2021 | AM30: 14 procesos se han publicado en la página web y en el SECOP | AN30: En curso
R31: 06_03 | S31: El profesional de la Oficina de Control Interno realiza evaluaciones independientes a la gestión institucional de acuerdo con la programación establecida en el Plan Anual de Auditorías Institucional- PAAI a fin de identificar riesgos, desviaciones o irregularidades | T31: Detectivo | U31: =IF(T31=0," ",IF(T31="Correctivo","Impacto","Probabilidad")) -> Probabilidad | V31: Manual | W31: =SUM(IF(T31="Preventivo",25%,IF(T31="Detectivo",15%,IF(T31="Correctivo",10%,0%))),IF(V31="Automático",25%,IF(V31="Manual",15%,0%))) -> 0.3 | X31: Documentado | Y31: Aleatoria | Z31: Con registro | AA31: =IF(U31="Probabilidad",(AA30-(AA30*W31)),AA30) -> 0.1764 | AD31: =IF(U31="Impacto",(AD30-(AD30*W31)),AD30) -> 0
R32: 06_04 | S32: El Gerente de Talento Humano verifica denuncias notificadas de hechos potenciales de corrupción interpuestas a Funcionarios de la SAE a través de la aplicación de procesos disciplinarios y aplicación de sanciones cuando aplique | T32: Correctivo | U32: =IF(T32=0," ",IF(T32="Correctivo","Impacto","Probabilidad")) -> Impacto | V32: Manual | W32: =SUM(IF(T32="Preventivo",25%,IF(T32="Detectivo",15%,IF(T32="Correctivo",10%,0%))),IF(V32="Automático",25%,IF(V32="Manual",15%,0%))) -> 0.25 | X32: Documentado | Y32: Aleatoria | Z32: Con registro | AA32: =IF(U32="Probabilidad",(AA31-(AA31*W32)),AA31) -> 0.1764 | AD32: =IF(U32="Impacto",(AD31-(AD31*W32)),AD31) -> 0 | AI32: Realizar reuniones de seguimiento al estado de avance de los procesos contractuales al interior de la Gerencia de Contratos y sus respectivas novedades | AJ32: Gerencia de Contratos | AK32: 31-03-2021 30-06-2021 30-09-2021 30-11-2021 | AL32: 10/04/2021 10/07/2021 10/10/2021 31/12/2021 | AM32: 2 reuniones de seguimiento | AN32: En curso
R33: 06_05 | S33: El Gerente de Asuntos Legales valida insumos de las acciones delictivas informadas para proceder cuando se requiera con las denuncias relacionadas con hechos de corrupción hacia Funcionarios de la SAE y realiza el seguimiento para la representación legal requerida. | T33: Correctivo | U33: =IF(T33=0," ",IF(T33="Correctivo","Impacto","Probabilidad")) -> Impacto | V33: Manual | W33: =SUM(IF(T33="Preventivo",25%,IF(T33="Detectivo",15%,IF(T33="Correctivo",10%,0%))),IF(V33="Automático",25%,IF(V33="Manual",15%,0%))) -> 0.25 | X33: Documentado | Y33: Aleatoria | Z33: Con registro | AA33: =IF(U33="Probabilidad",(AA32-(AA32*W33)),AA32) -> 0.1764 | AD33: =IF(U33="Impacto",(AD32-(AD32*W33)),AD32) -> 0
A34: 7 | B34: TODOS LOS PROCESOS | G34: Posibilidad de que un funcionario reciba u ofrezca un soborno, con el fin de dar o recibir un trato especial con una compañía o persona natural. | H34: Como consecuencias de la ineficacia de los controles definidos Debido a que no se cuente con lineamientos claros, en términos de conflictos de interés Falta de difusión de los lineamientos o políticas sobre conflictos de interés Inaplicación del Manual de Ética y Buen Gobierno | I34: Lo cual generaría una pérdida de imagen reputacional Lo cual generaría Sanciones a la entidad y sus funcionarios (penales, disciplinarias, morales) Lo cual ocasionaría demandas de la ciudadanía | J34: Talento Humano | K34: Corrupción | L34: 247 | M34: =IF(L34<=2,"Muy Baja",IF(L34<=24,"Baja",IF(L34<=500,"Media",IF(L34<=5000,"Alta",IF(L34>5000,"Muy Alta"," "))))) -> Media | N34: =IF(M34="Muy alta",100%,IF(M34="Alta",80%,IF(M34="Media",60%,IF(M34="Baja",40%,IF(M34="Muy baja",20%,0%))))) -> 0.6 | O34: =IF(P34=100%,"Catastrófico",IF(P34=80%,"Mayor",IF(P34=60%,"Moderado",IF(P34=40%,"Menor",IF(P34=20%,"Leve"," "))))) | P34: =IFERROR(ROUND(AVERAGEIF([3]Impacto_Riesgos_Corrupción!$C$9:$AA$137,Mapa_riesgos_corrupción!A34,[3]Impacto_Riesgos_Corrupción!$AA$9:$AA$137),0),0) -> 0 | Q34: =IF(OR(AND(M34="Muy Baja",O34="Leve"),AND(M34="Muy Baja",O34="Menor"),AND(M34="Baja",O34="Leve")),"Bajo",IF(OR(AND(M34="Muy Baja",O34="Moderado"),AND(M34="Baja",O34="Menor"),AND(M34="Baja",O34="Moderado"),AND(M34="Media",O34="Leve"),AND(M34="Media",O34="Menor"),AND(M34="Media",O34="Moderado"),AND(M34="Alta",O34="Leve"),AND(M34="Alta",O34="Menor")),"Moderado",IF(OR(AND(M34="Muy Baja",O34="Mayor"),AND(M34="Baja",O34="Mayor"),AND(M34="Media",O34="Mayor"),AND(M34="Alta",O34="Moderado"),AND(M34="Alta",O34="Mayor"),AND(M34="Muy Alta",O34="Leve"),AND(M34="Muy Alta",O34="Menor"),AND(M34="Muy Alta",O34="Moderado"),AND(M34="Muy Alta",O34="Mayor")),"Alto",IF(OR(AND(M34="Muy Alta",O34="Catastrófico"),AND(M34="Alta",O34="Catastrófico"),AND(M34="Media",O34="Catastrófico"),AND(M34="Baja",O34="Catastrófico"),AND(M34="Muy Baja",O34="Catastrófico")),"Extremo"," ")))) | R34: 07_01 | S34: El Coordinador del GIT de Servicios Administrativos valida que la Entidad cuente con cámaras y grabación de sonido en sedes de funcionamiento de las zonas únicas de atención al ciudadano, a través de la supervisión del servicio de vigilancia tercerizado. | T34: Detectivo | U34: =IF(T34=0," ",IF(T34="Correctivo","Impacto","Probabilidad")) -> Probabilidad | V34: Manual | W34: =SUM(IF(T34="Preventivo",25%,IF(T34="Detectivo",15%,IF(T34="Correctivo",10%,0%))),IF(V34="Automático",25%,IF(V34="Manual",15%,0%))) -> 0.3 | X34: Documentado | Y34: Continua | Z34: Con registro | AA34: =IF(U34="Probabilidad",(N34-(N34*W34)),N34) -> 0.42 | AB34: =IF(AC34<=20%,"Muy Baja",IF(AC34<=40%,"Baja",IF(AC34<=60%,"Media",IF(AC34<=80%,"Alta",IF(AC34<=100%,"Muy Alta",0%))))) -> Muy Baja | AC34: =AA38 -> 0.12348 | AD34: =IF(U34="Impacto",(P34-(P34*W34)),P34) -> 0 | AE34: =IF(AF34<=20%,"Leve",IF(AF34<=40%,"Menor",IF(AF34<=60%,"Moderado",IF(AF34<=80%,"Mayor",IF(AF34<=100%,"Catastrófico",0%))))) -> Leve | AF34: =AD38 -> 0 | AG34: =IF(OR(AND(AB34="Muy Baja",AE34="Leve"),AND(AB34="Muy Baja",AE34="Menor"),AND(AB34="Baja",AE34="Leve")),"Bajo",IF(OR(AND(AB34="Muy Baja",AE34="Moderado"),AND(AB34="Baja",AE34="Menor"),AND(AB34="Baja",AE34="Moderado"),AND(AB34="Media",AE34="Leve"),AND(AB34="Media",AE34="Menor"),AND(AB34="Media",AE34="Moderado"),AND(AB34="Alta",AE34="Leve"),AND(AB34="Alta",AE34="Menor")),"Moderado",IF(OR(AND(AB34="Muy Baja",AE34="Mayor"),AND(AB34="Baja",AE34="Mayor"),AND(AB34="Media",AE34="Mayor"),AND(AB34="Alta",AE34="Moderado"),AND(AB34="Alta",AE34="Mayor"),AND(AB34="Muy Alta",AE34="Leve"),AND(AB34="Muy Alta",AE34="Menor"),AND(AB34="Muy Alta",AE34="Moderado"),AND(AB34="Muy Alta",AE34="Mayor")),"Alto",IF(OR(AND(AB34="Muy Alta",AE34="Catastrófico"),AND(AB34="Alta",AE34="Catastrófico"),AND(AB34="Media",AE34="Catastrófico"),AND(AB34="Baja",AE34="Catastrófico"),AND(AB34="Muy Baja",AE34="Catastrófico")),"Extremo",0%)))) -> Bajo | AH34: Reducir - Mitigación | AI34: Promover al interior de la Entidad una cultura empresarial ética a través de campañas de sensibilización al interior de la Entidad | AJ34: Gerencia de Talento Humano Oficina de Comunicaciones y Atención al Ciudadano | AK34: 12-05-2021 20/08/2021 | AL34: 10/07/2021 10/10/2021 | AM34: * Gerencia de Talento Humano: La Gerencia de Talento Humano en la contratación de los servidores socializa el Codigo de Etica y Buen Gobierno dejando como la evidencia la firma el formato "Carta de conocimiento y aceptación del código de ética" complementando con la realización del curso virtual de integridad, transparencia y lucha contra la corrupción del DAFP del cual se piden los certificados * Oficina de Comunicaciones y Atención al Ciudadano: 100% | AN34: En curso | AO34: SI | AP34: Ejecución de al menos una actividad de mitigación para reducir el riesgo
R35: 07_02 | S35: El profesional de la Gerencia de Talento Humano al ingreso de cada servidor le socializa el Código de Ética, formalizando la carta de aceptación y compromiso de cumplimiento con la firma del servidor. | T35: Detectivo | U35: =IF(T35=0," ",IF(T35="Correctivo","Impacto","Probabilidad")) -> Probabilidad | V35: Manual | W35: =SUM(IF(T35="Preventivo",25%,IF(T35="Detectivo",15%,IF(T35="Correctivo",10%,0%))),IF(V35="Automático",25%,IF(V35="Manual",15%,0%))) -> 0.3 | X35: Documentado | Y35: Continua | Z35: Con registro | AA35: =IF(U35="Probabilidad",(AA34-(AA34*W35)),AA34) -> 0.294 | AD35: =IF(U35="Impacto",(AD34-(AD34*W35)),AD34) -> 0 | AI35: Realizar capacitación sobre el código de ética y los efectos disciplinarios que conllevan actos inapropiados por parte de los Funcionarios de la SAE | AJ35: Gerencia de Talento Humano | AK35: 44270 | AL35: 44296 | AM35: En el periodo se contrataron 31 personas a las cuales se les envió el codigo de ética y el formato "Carta de conocimiento y aceptación del código de ética" el cual debió ser firmado y enviado con su contrato de trabajo mediante vinculación virtual. Adicionalmente se envía al colaborador vinculado el link de acceso al curso virtual de integridad del DAFP | AN35: En curso
R36: 07_03 | S36: El Jefe de la Oficina de Control Interno valida que la gestión institucional se realice de acuerdo con la normatividad vigente participando en los comités de los que hace parte, siendo garante de transparencia y diligencia institucional, con voz pero sin voto. | T36: Preventivo | U36: =IF(T36=0," ",IF(T36="Correctivo","Impacto","Probabilidad")) -> Probabilidad | V36: Manual | W36: =SUM(IF(T36="Preventivo",25%,IF(T36="Detectivo",15%,IF(T36="Correctivo",10%,0%))),IF(V36="Automático",25%,IF(V36="Manual",15%,0%))) -> 0.4 | X36: Documentado | Y36: Aleatoria | Z36: Con registro | AA36: =IF(U36="Probabilidad",(AA35-(AA35*W36)),AA35) -> 0.1764 | AD36: =IF(U36="Impacto",(AD35-(AD35*W36)),AD35) -> 0 | AI36: Realizar capacitación sobre los efectos penales en los que incurre los colaboradores de SAE | AJ36: Gerencia de Asuntos Legales | AK36: 44459 | AL36: 44480 | AM36: No se han realizado teniendo en cuenta que la fecha de programación | AN36: Sin iniciar
R37: 07_04 | S37: El Gerente de Talento Humano verifica denuncias notificadas de hechos potenciales de corrupción interpuestas a Funcionarios de la SAE a través de la aplicación de procesos disciplinarios y aplicación de sanciones cuando aplique | T37: Correctivo | U37: =IF(T37=0," ",IF(T37="Correctivo","Impacto","Probabilidad")) -> Impacto | V37: Manual | W37: =SUM(IF(T37="Preventivo",25%,IF(T37="Detectivo",15%,IF(T37="Correctivo",10%,0%))),IF(V37="Automático",25%,IF(V37="Manual",15%,0%))) -> 0.25 | X37: Documentado | Y37: Aleatoria | Z37: Con registro | AA37: =IF(U37="Probabilidad",(AA36-(AA36*W37)),AA36) -> 0.1764 | AD37: =IF(U37="Impacto",(AD36-(AD36*W37)),AD36) -> 0 | AI37: Realizar capacitación de riesgos de corrupción para sensibilizar a los funcionarios de las metodologías de gestión y seguimiento de este tipo de riesgos | AJ37: Oficina Asesora de Planeación Gerencia de Talento Humano | AK37: 44270 | AL37: 44296 | AM37: * Gerencia de Talento Humano: La Gerencia de Talento Humano en la contratación de los servidores socializa el Codigo de Etica y Buen Gobierno dejando como la evidencia la firma el formato "Carta de conocimiento y aceptación del código de ética" complementando con la realización del curso virtual de integridad, transparencia y lucha contra la corrupción del DAFP del cual se piden los certificados * Oficina Asesora de Planeación: en el primer semestre se realizó un video con capacitación relacionada con la metodología de gestión de riesgos enmarcada en riesgos de corrupción, para su respectiva socialización con las partes interesadas | AN37: Finalizado
R38: 07_05 | S38: El profesional de la Oficina de Control Interno realiza evaluaciones independientes a la gestión institucional de acuerdo con la programación establecida en el Plan Anual de Auditorías Institucional- PAAI a fin de identificar riesgos, desviaciones o irregularidades | T38: Detectivo | U38: =IF(T38=0," ",IF(T38="Correctivo","Impacto","Probabilidad")) -> Probabilidad | V38: Manual | W38: =SUM(IF(T38="Preventivo",25%,IF(T38="Detectivo",15%,IF(T38="Correctivo",10%,0%))),IF(V38="Automático",25%,IF(V38="Manual",15%,0%))) -> 0.3 | X38: Documentado | Y38: Aleatoria | Z38: Con registro | AA38: =IF(U38="Probabilidad",(AA37-(AA37*W38)),AA37) -> 0.12348 | AD38: =IF(U38="Impacto",(AD37-(AD37*W38)),AD37) -> 0 | AI38: Realizar capacitación de la dimensión 7 del MIPG, incluida la Gestión de Riesgos desde la perspectiva de Control Interno. | AJ38: Oficina de Control Interno Oficina Asesora de Planeación | AK38: 44278 | AL38: 44296 | AM38: Oficina de Control interno: Finalizada en el primer trimestre de 2021. Oficina Asesora de Planeación: en el primer semestre se realizó capacitacion conjuntamente con la Oficina de Control Interno, sensibilizando a los gestores de riesgos en cuanto a la dimesión 7 del MIPG y de las generalidades de la gestión del riesgo. | AN38: Finalizado
A39: 8 | B39: TODOS LOS PROCESOS | G39: Puede incitar la participación de varias personas o compañías para cometer un delito buscando el beneficio propio. Concierto para delinquir. | H39: Como consecuencias de la ineficacia de los controles definidos Debido a que no se cuente con lineamientos claros, en términos de conflictos de interés Falta de difusión de los lineamientos o políticas sobre conflictos de interés | I39: Lo cual generaría una pérdida de imagen reputacional Lo cual generaría Sanciones a la entidad y sus funcionarios Lo cual ocasionaría demandas de la ciudadanía | J39: Talento Humano | K39: Corrupción | L39: 247 | M39: =IF(L39<=2,"Muy Baja",IF(L39<=24,"Baja",IF(L39<=500,"Media",IF(L39<=5000,"Alta",IF(L39>5000,"Muy Alta"," "))))) -> Media | N39: =IF(M39="Muy alta",100%,IF(M39="Alta",80%,IF(M39="Media",60%,IF(M39="Baja",40%,IF(M39="Muy baja",20%,0%))))) -> 0.6 | O39: =IF(P39=100%,"Catastrófico",IF(P39=80%,"Mayor",IF(P39=60%,"Moderado",IF(P39=40%,"Menor",IF(P39=20%,"Leve"," "))))) | P39: =IFERROR(ROUND(AVERAGEIF([3]Impacto_Riesgos_Corrupción!$C$9:$AA$137,Mapa_riesgos_corrupción!A39,[3]Impacto_Riesgos_Corrupción!$AA$9:$AA$137),0),0) -> 0 | Q39: =IF(OR(AND(M39="Muy Baja",O39="Leve"),AND(M39="Muy Baja",O39="Menor"),AND(M39="Baja",O39="Leve")),"Bajo",IF(OR(AND(M39="Muy Baja",O39="Moderado"),AND(M39="Baja",O39="Menor"),AND(M39="Baja",O39="Moderado"),AND(M39="Media",O39="Leve"),AND(M39="Media",O39="Menor"),AND(M39="Media",O39="Moderado"),AND(M39="Alta",O39="Leve"),AND(M39="Alta",O39="Menor")),"Moderado",IF(OR(AND(M39="Muy Baja",O39="Mayor"),AND(M39="Baja",O39="Mayor"),AND(M39="Media",O39="Mayor"),AND(M39="Alta",O39="Moderado"),AND(M39="Alta",O39="Mayor"),AND(M39="Muy Alta",O39="Leve"),AND(M39="Muy Alta",O39="Menor"),AND(M39="Muy Alta",O39="Moderado"),AND(M39="Muy Alta",O39="Mayor")),"Alto",IF(OR(AND(M39="Muy Alta",O39="Catastrófico"),AND(M39="Alta",O39="Catastrófico"),AND(M39="Media",O39="Catastrófico"),AND(M39="Baja",O39="Catastrófico"),AND(M39="Muy Baja",O39="Catastrófico")),"Extremo"," ")))) | R39: 08_01 | S39: El Coordinador del GIT de Servicios Administrativos valida que la Entidad cuente con cámaras y grabación de sonido en sedes de funcionamiento de las zonas únicas de atención al ciudadano, a través de la supervisión del servicio de vigilancia tercerizado. | T39: Detectivo | U39: =IF(T39=0," ",IF(T39="Correctivo","Impacto","Probabilidad")) -> Probabilidad | V39: Manual | W39: =SUM(IF(T39="Preventivo",25%,IF(T39="Detectivo",15%,IF(T39="Correctivo",10%,0%))),IF(V39="Automático",25%,IF(V39="Manual",15%,0%))) -> 0.3 | X39: Documentado | Y39: Continua | Z39: Con registro | AA39: =IF(U39="Probabilidad",(N39-(N39*W39)),N39) -> 0.42 | AB39: =IF(AC39<=20%,"Muy Baja",IF(AC39<=40%,"Baja",IF(AC39<=60%,"Media",IF(AC39<=80%,"Alta",IF(AC39<=100%,"Muy Alta",0%))))) -> Baja | AC39: =AA43 -> 0.2058 | AD39: =IF(U39="Impacto",(P39-(P39*W39)),P39) -> 0 | AE39: =IF(AF39<=20%,"Leve",IF(AF39<=40%,"Menor",IF(AF39<=60%,"Moderado",IF(AF39<=80%,"Mayor",IF(AF39<=100%,"Catastrófico",0%))))) -> Leve | AF39: =AD43 -> 0 | AG39: =IF(OR(AND(AB39="Muy Baja",AE39="Leve"),AND(AB39="Muy Baja",AE39="Menor"),AND(AB39="Baja",AE39="Leve")),"Bajo",IF(OR(AND(AB39="Muy Baja",AE39="Moderado"),AND(AB39="Baja",AE39="Menor"),AND(AB39="Baja",AE39="Moderado"),AND(AB39="Media",AE39="Leve"),AND(AB39="Media",AE39="Menor"),AND(AB39="Media",AE39="Moderado"),AND(AB39="Alta",AE39="Leve"),AND(AB39="Alta",AE39="Menor")),"Moderado",IF(OR(AND(AB39="Muy Baja",AE39="Mayor"),AND(AB39="Baja",AE39="Mayor"),AND(AB39="Media",AE39="Mayor"),AND(AB39="Alta",AE39="Moderado"),AND(AB39="Alta",AE39="Mayor"),AND(AB39="Muy Alta",AE39="Leve"),AND(AB39="Muy Alta",AE39="Menor"),AND(AB39="Muy Alta",AE39="Moderado"),AND(AB39="Muy Alta",AE39="Mayor")),"Alto",IF(OR(AND(AB39="Muy Alta",AE39="Catastrófico"),AND(AB39="Alta",AE39="Catastrófico"),AND(AB39="Media",AE39="Catastrófico"),AND(AB39="Baja",AE39="Catastrófico"),AND(AB39="Muy Baja",AE39="Catastrófico")),"Extremo",0%)))) -> Bajo | AH39: Reducir - Mitigación | AI39: Realizar capacitación sobre el código de ética y los efectos disciplinarios que conllevan actos inapropiados por parte de los Funcionarios de la SAE | AJ39: Gerencia de Talento Humano | AK39: 44270 | AL39: 44296 | AM39: En el periodo se contrataron 31 personas a las cuales se les envió el codigo de ética y el formato "Carta de conocimiento y aceptación del código de ética" el cual debió ser firmado y enviado con su contrato de trabajo mediante vinculación virtual. Adicionalmente se envía al colaborador vinculado el link de acceso al curso virtual de integridad del DAFP | AN39: En curso | AO39: SI | AP39: Ejecución de al menos una actividad de mitigación para reducir el riesgo
R40: 08_02 | S40: El Gerente de Talento Humano y lideres de área realizan la evaluación de rendimiento, cada vez que sea requerido, para realizar seguimiento al cumplimiento de las funciones y compromisos asignados a los Funcionarios de SAE | T40: Detectivo | U40: =IF(T40=0," ",IF(T40="Correctivo","Impacto","Probabilidad")) -> Probabilidad | V40: Manual | W40: =SUM(IF(T40="Preventivo",25%,IF(T40="Detectivo",15%,IF(T40="Correctivo",10%,0%))),IF(V40="Automático",25%,IF(V40="Manual",15%,0%))) -> 0.3 | X40: Documentado | Y40: Aleatoria | Z40: Con registro | AA40: =IF(U40="Probabilidad",(AA39-(AA39*W40)),AA39) -> 0.294 | AD40: =IF(U40="Impacto",(AD39-(AD39*W40)),AD39) -> 0 | AI40: Realizar capacitación sobre los efectos penales en los que incurre los colaboradores de SAE | AJ40: Gerencia de Asuntos Legales | AK40: 44459 | AL40: 44480 | AM40: No se han realizado teniendo en cuenta que la fecha de programación | AN40: Sin iniciar
R41: 08_03 | S41: El profesional de la Oficina de Control Interno realiza evaluaciones independientes a la gestión institucional de acuerdo con la programación establecida en el Plan Anual de Auditorías Institucional- PAAI a fin de identificar riesgos, desviaciones o irregularidades | T41: Detectivo | U41: =IF(T41=0," ",IF(T41="Correctivo","Impacto","Probabilidad")) -> Probabilidad | V41: Manual | W41: =SUM(IF(T41="Preventivo",25%,IF(T41="Detectivo",15%,IF(T41="Correctivo",10%,0%))),IF(V41="Automático",25%,IF(V41="Manual",15%,0%))) -> 0.3 | X41: Documentado | Y41: Aleatoria | Z41: Con registro | AA41: =IF(U41="Probabilidad",(AA40-(AA40*W41)),AA40) -> 0.2058 | AD41: =IF(U41="Impacto",(AD40-(AD40*W41)),AD40) -> 0
R42: 08_04 | S42: El Gerente de Talento Humano verifica denuncias notificadas de hechos potenciales de corrupción interpuestas a Funcionarios de la SAE a través de la aplicación de procesos disciplinarios y aplicación de sanciones cuando aplique | T42: Correctivo | U42: =IF(T42=0," ",IF(T42="Correctivo","Impacto","Probabilidad")) -> Impacto | V42: Manual | W42: =SUM(IF(T42="Preventivo",25%,IF(T42="Detectivo",15%,IF(T42="Correctivo",10%,0%))),IF(V42="Automático",25%,IF(V42="Manual",15%,0%))) -> 0.25 | X42: Documentado | Y42: Aleatoria | Z42: Con registro | AA42: =IF(U42="Probabilidad",(AA41-(AA41*W42)),AA41) -> 0.2058 | AD42: =IF(U42="Impacto",(AD41-(AD41*W42)),AD41) -> 0 | AI42: Promover al interior de la Entidad una cultura empresarial ética a través de campañas de sensibilización al interior de la Entidad | AJ42: Gerencia de Talento Humano Oficina de Comunicaciones y Atención al Ciudadano | AK42: 12-05-2021 20/08/2021 | AL42: 10/07/2021 10/10/2021 | AM42: * Gerencia de Talento Humano: La Gerencia de Talento Humano en la contratación de los servidores socializa el Codigo de Etica y Buen Gobierno dejando como la evidencia la firma el formato "Carta de conocimiento y aceptación del código de ética" complementando con la realización del curso virtual de integridad, transparencia y lucha contra la corrupción del DAFP del cual se piden los certificados * Oficina de Comunicaciones y Atención al Ciudadano: 100% | AN42: En curso
R43: 08_05 | S43: El Gerente de Asuntos Legales valida insumos de las acciones delictivas informadas para proceder cuando se requiera con las denuncias relacionadas con hechos de corrupción hacia Funcionarios de la SAE y realiza el seguimiento para la representación legal requerida. | T43: Correctivo | U43: =IF(T43=0," ",IF(T43="Correctivo","Impacto","Probabilidad")) -> Impacto | V43: Manual | W43: =SUM(IF(T43="Preventivo",25%,IF(T43="Detectivo",15%,IF(T43="Correctivo",10%,0%))),IF(V43="Automático",25%,IF(V43="Manual",15%,0%))) -> 0.25 | X43: Documentado | Y43: Aleatoria | Z43: Con registro | AA43: =IF(U43="Probabilidad",(AA42-(AA42*W43)),AA42) -> 0.2058 | AD43: =IF(U43="Impacto",(AD42-(AD42*W43)),AD42) -> 0
A44: 9 | B44: TODOS LOS PROCESOS | G44: Puede ocurrir que un funcionario abuse de su cargo o funciones para inducir a otra persona a dar o prometer dinero o cualquier otro beneficio indebido. | H44: Debido a la falta de controles dentro del proceso de contratación Por la falta de valores éticos y morales en los funcionarios Inaplicación del Manual de Ética y Buen Gobierno | I44: Lo cual generaría una pérdida de imagen reputacional Lo cual generaría Sanciones a la entidad y sus funcionarios Lo cual ocasionaría demandas de la ciudadanía | J44: Talento Humano | K44: Corrupción | L44: 247 | M44: =IF(L44<=2,"Muy Baja",IF(L44<=24,"Baja",IF(L44<=500,"Media",IF(L44<=5000,"Alta",IF(L44>5000,"Muy Alta"," "))))) -> Media | N44: =IF(M44="Muy alta",100%,IF(M44="Alta",80%,IF(M44="Media",60%,IF(M44="Baja",40%,IF(M44="Muy baja",20%,0%))))) -> 0.6 | O44: =IF(P44=100%,"Catastrófico",IF(P44=80%,"Mayor",IF(P44=60%,"Moderado",IF(P44=40%,"Menor",IF(P44=20%,"Leve"," "))))) | P44: =IFERROR(ROUND(AVERAGEIF([3]Impacto_Riesgos_Corrupción!$C$9:$AA$137,Mapa_riesgos_corrupción!A44,[3]Impacto_Riesgos_Corrupción!$AA$9:$AA$137),0),0) -> 0 | Q44: =IF(OR(AND(M44="Muy Baja",O44="Leve"),AND(M44="Muy Baja",O44="Menor"),AND(M44="Baja",O44="Leve")),"Bajo",IF(OR(AND(M44="Muy Baja",O44="Moderado"),AND(M44="Baja",O44="Menor"),AND(M44="Baja",O44="Moderado"),AND(M44="Media",O44="Leve"),AND(M44="Media",O44="Menor"),AND(M44="Media",O44="Moderado"),AND(M44="Alta",O44="Leve"),AND(M44="Alta",O44="Menor")),"Moderado",IF(OR(AND(M44="Muy Baja",O44="Mayor"),AND(M44="Baja",O44="Mayor"),AND(M44="Media",O44="Mayor"),AND(M44="Alta",O44="Moderado"),AND(M44="Alta",O44="Mayor"),AND(M44="Muy Alta",O44="Leve"),AND(M44="Muy Alta",O44="Menor"),AND(M44="Muy Alta",O44="Moderado"),AND(M44="Muy Alta",O44="Mayor")),"Alto",IF(OR(AND(M44="Muy Alta",O44="Catastrófico"),AND(M44="Alta",O44="Catastrófico"),AND(M44="Media",O44="Catastrófico"),AND(M44="Baja",O44="Catastrófico"),AND(M44="Muy Baja",O44="Catastrófico")),"Extremo"," ")))) | R44: 09_01 | S44: El Gerente Financiero valida las disponibilidades y necesidades presupuestales institucionales a partir de la recopilación de los formatos de anteproyecto presupuestal enviados por las áreas, los formatos de compromisos a largo plazo, y la revisión del presupuesto aprobado por CNE | T44: Preventivo | U44: =IF(T44=0," ",IF(T44="Correctivo","Impacto","Probabilidad")) -> Probabilidad | V44: Manual | W44: =SUM(IF(T44="Preventivo",25%,IF(T44="Detectivo",15%,IF(T44="Correctivo",10%,0%))),IF(V44="Automático",25%,IF(V44="Manual",15%,0%))) -> 0.4 | X44: Documentado | Y44: Aleatoria | Z44: Con registro | AA44: =IF(U44="Probabilidad",(N44-(N44*W44)),N44) -> 0.36 | AB44: =IF(AC44<=20%,"Muy Baja",IF(AC44<=40%,"Baja",IF(AC44<=60%,"Media",IF(AC44<=80%,"Alta",IF(AC44<=100%,"Muy Alta",0%))))) -> Muy Baja | AC44: =AA49 -> 0.0381024 | AD44: =IF(U44="Impacto",(P44-(P44*W44)),P44) -> 0 | AE44: =IF(AF44<=20%,"Leve",IF(AF44<=40%,"Menor",IF(AF44<=60%,"Moderado",IF(AF44<=80%,"Mayor",IF(AF44<=100%,"Catastrófico",0%))))) -> Leve | AF44: =AD49 -> 0 | AG44: =IF(OR(AND(AB44="Muy Baja",AE44="Leve"),AND(AB44="Muy Baja",AE44="Menor"),AND(AB44="Baja",AE44="Leve")),"Bajo",IF(OR(AND(AB44="Muy Baja",AE44="Moderado"),AND(AB44="Baja",AE44="Menor"),AND(AB44="Baja",AE44="Moderado"),AND(AB44="Media",AE44="Leve"),AND(AB44="Media",AE44="Menor"),AND(AB44="Media",AE44="Moderado"),AND(AB44="Alta",AE44="Leve"),AND(AB44="Alta",AE44="Menor")),"Moderado",IF(OR(AND(AB44="Muy Baja",AE44="Mayor"),AND(AB44="Baja",AE44="Mayor"),AND(AB44="Media",AE44="Mayor"),AND(AB44="Alta",AE44="Moderado"),AND(AB44="Alta",AE44="Mayor"),AND(AB44="Muy Alta",AE44="Leve"),AND(AB44="Muy Alta",AE44="Menor"),AND(AB44="Muy Alta",AE44="Moderado"),AND(AB44="Muy Alta",AE44="Mayor")),"Alto",IF(OR(AND(AB44="Muy Alta",AE44="Catastrófico"),AND(AB44="Alta",AE44="Catastrófico"),AND(AB44="Media",AE44="Catastrófico"),AND(AB44="Baja",AE44="Catastrófico"),AND(AB44="Muy Baja",AE44="Catastrófico")),"Extremo",0%)))) -> Bajo | AH44: Reducir - Mitigación | AI44: Realizar capacitación sobre el código de ética y los efectos disciplinarios que conllevan actos inapropiados por parte de los Funcionarios de la SAE | AJ44: Gerencia de Talento Humano | AK44: 44270 | AL44: 44296 | AM44: En el periodo se contrataron 15 personas a las cuales se les envió el libro de ética y el formato "Carta de conocimiento y aceptación del código de ética" el cual debió ser firmado y enviado con su contrato de trabajo mediante vinculación virtual. | AN44: En curso | AO44: SI | AP44: Ejecución de al menos una actividad de mitigación para reducir el riesgo
R45: 09_02 | S45: El Profesional de Contratos verifica que los estudios previos para la contratación de un bien o servicio cuente con un presupuesto oficial justificado y el cumplimiento de todos los criterios requeridos, mediante la revisión de los estudios previos y la retroalimentación de estos. | T45: Preventivo | U45: =IF(T45=0," ",IF(T45="Correctivo","Impacto","Probabilidad")) -> Probabilidad | V45: Manual | W45: =SUM(IF(T45="Preventivo",25%,IF(T45="Detectivo",15%,IF(T45="Correctivo",10%,0%))),IF(V45="Automático",25%,IF(V45="Manual",15%,0%))) -> 0.4 | X45: Documentado | Y45: Continua | Z45: Con registro | AA45: =IF(U45="Probabilidad",(AA44-(AA44*W45)),AA44) -> 0.216 | AD45: =IF(U45="Impacto",(AD44-(AD44*W45)),AD44) -> 0
R46: 09_03 | S46: El Gerente de Contratos valida que los procesos de selección de contratación tengan una evaluación financiera, jurídica y técnica asignando un comité evaluador y validando las evaluaciones suministradas. | T46: Detectivo | U46: =IF(T46=0," ",IF(T46="Correctivo","Impacto","Probabilidad")) -> Probabilidad | V46: Manual | W46: =SUM(IF(T46="Preventivo",25%,IF(T46="Detectivo",15%,IF(T46="Correctivo",10%,0%))),IF(V46="Automático",25%,IF(V46="Manual",15%,0%))) -> 0.3 | X46: Documentado | Y46: Continua | Z46: Con registro | AA46: =IF(U46="Probabilidad",(AA45-(AA45*W46)),AA45) -> 0.1512 | AD46: =IF(U46="Impacto",(AD45-(AD45*W46)),AD45) -> 0 | AI46: Brindar inducción a funcionarios y contratistas nuevos, socializandole sus obligaciones contractuales o funciones, el código de integridad, transparencia y lavado de activos, y temas transversales generales de la organización. | AJ46: Gerencia de Talento Humano | AK46: Cada vez que se realice una nueva vinculación de personal | AL46: 10/04/2021 10/07/2021 10/10/2021 31/12/2021 | AM46: Las inducciones se realizan virtual y se refuerzan presencial los temas específicos para el desarrollo de la labor. Los contenidos de la herramienta virtual se desarrollan en conjunto con la oficina de planeación quienes suministran los contenidos de acuerdo a la arquitectura organizacional (Macroprocesos, procesos y procedimientos). Ésta inducción se refuerza con capacitaciones en los temas especificos que impactan la labor. Para el 2021 se han realizado 52 inducciones virtuales, específicas 4. | AN46: En curso
R47: 09_04 | S47: El Profesional de Contratos constata que los términos de referencia, pliegos de condiciones y contratos sean comunicados a los ciudadanos de manera transparente y oportuna mediante la publicación de estos en SECOP y la página web en el espacio destinado para transparencia. | T47: Preventivo | U47: =IF(T47=0," ",IF(T47="Correctivo","Impacto","Probabilidad")) -> Probabilidad | V47: Manual | W47: =SUM(IF(T47="Preventivo",25%,IF(T47="Detectivo",15%,IF(T47="Correctivo",10%,0%))),IF(V47="Automático",25%,IF(V47="Manual",15%,0%))) -> 0.4 | X47: Documentado | Y47: Continua | Z47: Con registro | AA47: =IF(U47="Probabilidad",(AA46-(AA46*W47)),AA46) -> 0.09072 | AD47: =IF(U47="Impacto",(AD46-(AD46*W47)),AD46) -> 0
R48: 09_05 | S48: El profesional de la Gerencia de Talento Humano al ingreso de cada servidor le socializa el Código de Ética, formalizando la carta de aceptación y compromiso de cumplimiento con la firma del servidor. | T48: Preventivo | U48: =IF(T48=0," ",IF(T48="Correctivo","Impacto","Probabilidad")) -> Probabilidad | V48: Manual | W48: =SUM(IF(T48="Preventivo",25%,IF(T48="Detectivo",15%,IF(T48="Correctivo",10%,0%))),IF(V48="Automático",25%,IF(V48="Manual",15%,0%))) -> 0.4 | X48: Documentado | Y48: Continua | Z48: Con registro | AA48: =IF(U48="Probabilidad",(AA47-(AA47*W48)),AA47) -> 0.054432 | AD48: =IF(U48="Impacto",(AD47-(AD47*W48)),AD47) -> 0 | AI48: Realizar las actualizaciones documentales de los procesos de la arquitectura de SAE, cuando sea requerido, para limitar el alcance de las actividades que ejercen los colaboradores de SAE en la ejecución de los procesos | AJ48: Oficina Asesora de Planeación | AK48: Todos los meses | AL48: 10/04/2021 10/07/2021 10/10/2021 31/12/2021 | AM48: Durante el primer semestre, la OAP acompaño y publico las actualizaciones documentales de 26 documentos relacionados con los procesos de la Entidad | AN48: En curso
R49: 09_06 | S49: El profesional de la Oficina de Control Interno realiza evaluaciones independientes a la gestión institucional de acuerdo con la programación establecida en el Plan Anual de Auditorías Institucional- PAAI a fin de identificar riesgos, desviaciones o irregularidades | T49: Detectivo | U49: =IF(T49=0," ",IF(T49="Correctivo","Impacto","Probabilidad")) -> Probabilidad | V49: Manual | W49: =SUM(IF(T49="Preventivo",25%,IF(T49="Detectivo",15%,IF(T49="Correctivo",10%,0%))),IF(V49="Automático",25%,IF(V49="Manual",15%,0%))) -> 0.3 | X49: Documentado | Y49: Aleatoria | Z49: Con registro | AA49: =IF(U49="Probabilidad",(AA48-(AA48*W49)),AA48) -> 0.0381024 | AD49: =IF(U49="Impacto",(AD48-(AD48*W49)),AD48) -> 0
A50: 10 | B50: TODOS LOS PROCESOS | G50: Puede ocurrir que teniendo conocimiento de una conducta delictiva, no se informe a las autoridades por temor a repercusiones sociales o financieras. Omisión de denuncia | H50: Debido al desconocimiento de la normatividad que exige la denuncia de las conductas delictivas Por temor a repercusiones en su estabilidad laboral | I50: Lo cual generaría una pérdida de imagen reputacional Lo cual generaría Sanciones a la entidad y sus funcionarios Lo cual ocasionaría demandas de la ciudadanía | J50: Talento Humano | K50: Corrupción | L50: 247 | M50: =IF(L50<=2,"Muy Baja",IF(L50<=24,"Baja",IF(L50<=500,"Media",IF(L50<=5000,"Alta",IF(L50>5000,"Muy Alta"," "))))) -> Media | N50: =IF(M50="Muy alta",100%,IF(M50="Alta",80%,IF(M50="Media",60%,IF(M50="Baja",40%,IF(M50="Muy baja",20%,0%))))) -> 0.6 | O50: =IF(P50=100%,"Catastrófico",IF(P50=80%,"Mayor",IF(P50=60%,"Moderado",IF(P50=40%,"Menor",IF(P50=20%,"Leve"," "))))) | P50: =IFERROR(ROUND(AVERAGEIF([3]Impacto_Riesgos_Corrupción!$C$9:$AA$137,Mapa_riesgos_corrupción!A50,[3]Impacto_Riesgos_Corrupción!$AA$9:$AA$137),0),0) -> 0 | Q50: =IF(OR(AND(M50="Muy Baja",O50="Leve"),AND(M50="Muy Baja",O50="Menor"),AND(M50="Baja",O50="Leve")),"Bajo",IF(OR(AND(M50="Muy Baja",O50="Moderado"),AND(M50="Baja",O50="Menor"),AND(M50="Baja",O50="Moderado"),AND(M50="Media",O50="Leve"),AND(M50="Media",O50="Menor"),AND(M50="Media",O50="Moderado"),AND(M50="Alta",O50="Leve"),AND(M50="Alta",O50="Menor")),"Moderado",IF(OR(AND(M50="Muy Baja",O50="Mayor"),AND(M50="Baja",O50="Mayor"),AND(M50="Media",O50="Mayor"),AND(M50="Alta",O50="Moderado"),AND(M50="Alta",O50="Mayor"),AND(M50="Muy Alta",O50="Leve"),AND(M50="Muy Alta",O50="Menor"),AND(M50="Muy Alta",O50="Moderado"),AND(M50="Muy Alta",O50="Mayor")),"Alto",IF(OR(AND(M50="Muy Alta",O50="Catastrófico"),AND(M50="Alta",O50="Catastrófico"),AND(M50="Media",O50="Catastrófico"),AND(M50="Baja",O50="Catastrófico"),AND(M50="Muy Baja",O50="Catastrófico")),"Extremo"," ")))) | R50: 10_01 | S50: El profesional de la Gerencia de Talento Humano al ingreso de cada servidor le socializa el Código de Ética, formalizando la carta de aceptación y compromiso de cumplimiento con la firma del servidor. | T50: Preventivo | U50: =IF(T50=0," ",IF(T50="Correctivo","Impacto","Probabilidad")) -> Probabilidad | V50: Manual | W50: =SUM(IF(T50="Preventivo",25%,IF(T50="Detectivo",15%,IF(T50="Correctivo",10%,0%))),IF(V50="Automático",25%,IF(V50="Manual",15%,0%))) -> 0.4 | X50: Documentado | Y50: Continua | Z50: Con registro | AA50: =IF(U50="Probabilidad",(N50-(N50*W50)),N50) -> 0.36 | AB50: =IF(AC50<=20%,"Muy Baja",IF(AC50<=40%,"Baja",IF(AC50<=60%,"Media",IF(AC50<=80%,"Alta",IF(AC50<=100%,"Muy Alta",0%))))) -> Baja | AC50: =AA54 -> 0.252 | AD50: =IF(U50="Impacto",(P50-(P50*W50)),P50) -> 0 | AE50: =IF(AF50<=20%,"Leve",IF(AF50<=40%,"Menor",IF(AF50<=60%,"Moderado",IF(AF50<=80%,"Mayor",IF(AF50<=100%,"Catastrófico",0%))))) -> Leve | AF50: =AD54 -> 0 | AG50: =IF(OR(AND(AB50="Muy Baja",AE50="Leve"),AND(AB50="Muy Baja",AE50="Menor"),AND(AB50="Baja",AE50="Leve")),"Bajo",IF(OR(AND(AB50="Muy Baja",AE50="Moderado"),AND(AB50="Baja",AE50="Menor"),AND(AB50="Baja",AE50="Moderado"),AND(AB50="Media",AE50="Leve"),AND(AB50="Media",AE50="Menor"),AND(AB50="Media",AE50="Moderado"),AND(AB50="Alta",AE50="Leve"),AND(AB50="Alta",AE50="Menor")),"Moderado",IF(OR(AND(AB50="Muy Baja",AE50="Mayor"),AND(AB50="Baja",AE50="Mayor"),AND(AB50="Media",AE50="Mayor"),AND(AB50="Alta",AE50="Moderado"),AND(AB50="Alta",AE50="Mayor"),AND(AB50="Muy Alta",AE50="Leve"),AND(AB50="Muy Alta",AE50="Menor"),AND(AB50="Muy Alta",AE50="Moderado"),AND(AB50="Muy Alta",AE50="Mayor")),"Alto",IF(OR(AND(AB50="Muy Alta",AE50="Catastrófico"),AND(AB50="Alta",AE50="Catastrófico"),AND(AB50="Media",AE50="Catastrófico"),AND(AB50="Baja",AE50="Catastrófico"),AND(AB50="Muy Baja",AE50="Catastrófico")),"Extremo",0%)))) -> Bajo | AH50: Reducir - Mitigación | AI50: Realizar capacitación sobre los efectos penales en los que incurre los colaboradores de SAE | AJ50: Gerencia de Asuntos Legales | AK50: 44459 | AL50: 44480 | AM50: No se han realizado teniendo en cuenta que la fecha de programación | AN50: Sin iniciar | AO50: SI | AP50: A pesar que la acción de mitigación planteada no se ha iniciado, algunos controles relacionados con su mitigación si se han adelantado. La Gerencia de Talento Humano en la contratación de los servidores socializa el Codigo de Etica y Buen Gobierno dejando como la evidencia la firma el formato "Carta de conocimiento y aceptación del código de ética" complementando con la realización del curso virtual de integridad, transparencia y lucha contra la corrupción del DAFP del cual se piden los certificados. Adicionalmente, esta misma Gerencia ha verificado denuncias notificadas de hechos potenciales de corrupción interpuestas a Funcionarios de la SAE a través del inicio de procesos disciplinarios correspondientes
R51: 10_02 | S51: El profesional de la Oficina de Control Interno realiza evaluaciones independientes a la gestión institucional de acuerdo con la programación establecida en el Plan Anual de Auditorías Institucional- PAAI a fin de identificar riesgos, desviaciones o irregularidades | T51: Detectivo | U51: =IF(T51=0," ",IF(T51="Correctivo","Impacto","Probabilidad")) -> Probabilidad | V51: Manual | W51: =SUM(IF(T51="Preventivo",25%,IF(T51="Detectivo",15%,IF(T51="Correctivo",10%,0%))),IF(V51="Automático",25%,IF(V51="Manual",15%,0%))) -> 0.3 | X51: Documentado | Y51: Aleatoria | Z51: Con registro | AA51: =IF(U51="Probabilidad",(AA50-(AA50*W51)),AA50) -> 0.252 | AD51: =IF(U51="Impacto",(AD50-(AD50*W51)),AD50) -> 0
R52: 10_03 | S52: El Gerente de Talento Humano verifica denuncias notificadas de hechos potenciales de corrupción interpuestas a Funcionarios de la SAE a través de la aplicación de procesos disciplinarios y aplicación de sanciones cuando aplique | T52: Correctivo | U52: =IF(T52=0," ",IF(T52="Correctivo","Impacto","Probabilidad")) -> Impacto | V52: Manual | W52: =SUM(IF(T52="Preventivo",25%,IF(T52="Detectivo",15%,IF(T52="Correctivo",10%,0%))),IF(V52="Automático",25%,IF(V52="Manual",15%,0%))) -> 0.25 | X52: Documentado | Y52: Aleatoria | Z52: Con registro | AA52: =IF(U52="Probabilidad",(AA51-(AA51*W52)),AA51) -> 0.252 | AD52: =IF(U52="Impacto",(AD51-(AD51*W52)),AD51) -> 0
U53: =IF(T53=0," ",IF(T53="Correctivo","Impacto","Probabilidad")) | W53: =SUM(IF(T53="Preventivo",25%,IF(T53="Detectivo",15%,IF(T53="Correctivo",10%,0%))),IF(V53="Automático",25%,IF(V53="Manual",15%,0%))) -> 0 | AA53: =IF(U53="Probabilidad",(AA52-(AA52*W53)),AA52) -> 0.252 | AD53: =IF(U53="Impacto",(AD52-(AD52*W53)),AD52) -> 0
U54: =IF(T54=0," ",IF(T54="Correctivo","Impacto","Probabilidad")) | W54: =SUM(IF(T54="Preventivo",25%,IF(T54="Detectivo",15%,IF(T54="Correctivo",10%,0%))),IF(V54="Automático",25%,IF(V54="Manual",15%,0%))) -> 0 | AA54: =IF(U54="Probabilidad",(AA53-(AA53*W54)),AA53) -> 0.252 | AD54: =IF(U54="Impacto",(AD53-(AD53*W54)),AD53) -> 0
A55: 11 | B55: GESTIÓN DE LA INFRAESTRUCTURA TECNOLÓGICA | G55: Posibilidad de que uno o varios funcionarios utilicen de forma indebida la información privilegiada de los sistemas de información para obtener beneficio privado. | H55: Debido a la falta de políticas de accesibilidad de la información Debido a la falta de identificación de activos de información Debido a la diversidad de los sistemas de información Falta de capacitación y socialización de las políticas de la entidad tanto al ingreso de nuevos funcionarios como de manera periódica Fácil acceso a la información y a la difusión de copias de la misma | I55: Lo cual generaría pérdidas económicas Lo cual generaría una pérdida de imagen reputacional Lo cual generaría Sanciones a la entidad y sus funcionarios Lo cual ocasionaría demandas de los funcionarios | J55: Talento Humano | K55: Corrupción | L55: =247*8 -> 1976 | M55: =IF(L55<=2,"Muy Baja",IF(L55<=24,"Baja",IF(L55<=500,"Media",IF(L55<=5000,"Alta",IF(L55>5000,"Muy Alta"," "))))) -> Alta | N55: =IF(M55="Muy alta",100%,IF(M55="Alta",80%,IF(M55="Media",60%,IF(M55="Baja",40%,IF(M55="Muy baja",20%,0%))))) -> 0.8 | O55: =IF(P55=100%,"Catastrófico",IF(P55=80%,"Mayor",IF(P55=60%,"Moderado",IF(P55=40%,"Menor",IF(P55=20%,"Leve"," "))))) | P55: =IFERROR(ROUND(AVERAGEIF([3]Impacto_Riesgos_Corrupción!$C$9:$AA$137,Mapa_riesgos_corrupción!A55,[3]Impacto_Riesgos_Corrupción!$AA$9:$AA$137),0),0) -> 0 | Q55: =IF(OR(AND(M55="Muy Baja",O55="Leve"),AND(M55="Muy Baja",O55="Menor"),AND(M55="Baja",O55="Leve")),"Bajo",IF(OR(AND(M55="Muy Baja",O55="Moderado"),AND(M55="Baja",O55="Menor"),AND(M55="Baja",O55="Moderado"),AND(M55="Media",O55="Leve"),AND(M55="Media",O55="Menor"),AND(M55="Media",O55="Moderado"),AND(M55="Alta",O55="Leve"),AND(M55="Alta",O55="Menor")),"Moderado",IF(OR(AND(M55="Muy Baja",O55="Mayor"),AND(M55="Baja",O55="Mayor"),AND(M55="Media",O55="Mayor"),AND(M55="Alta",O55="Moderado"),AND(M55="Alta",O55="Mayor"),AND(M55="Muy Alta",O55="Leve"),AND(M55="Muy Alta",O55="Menor"),AND(M55="Muy Alta",O55="Moderado"),AND(M55="Muy Alta",O55="Mayor")),"Alto",IF(OR(AND(M55="Muy Alta",O55="Catastrófico"),AND(M55="Alta",O55="Catastrófico"),AND(M55="Media",O55="Catastrófico"),AND(M55="Baja",O55="Catastrófico"),AND(M55="Muy Baja",O55="Catastrófico")),"Extremo"," ")))) | R55: 11_01 | S55: El Profesional Especializado III (Oficial de Seguridad) verifica el estado de avance de la implementación del Sistema de Gestión de Seguridad de la Información para garantizar el cumplimiento de la norma a través de la aplicación de la matriz de seguimiento a la ISO 27001 | T55: Preventivo | U55: =IF(T55=0," ",IF(T55="Correctivo","Impacto","Probabilidad")) -> Probabilidad | V55: Manual | W55: =SUM(IF(T55="Preventivo",25%,IF(T55="Detectivo",15%,IF(T55="Correctivo",10%,0%))),IF(V55="Automático",25%,IF(V55="Manual",15%,0%))) -> 0.4 | X55: Documentado | Y55: Aleatoria | Z55: Con registro | AA55: =IF(U55="Probabilidad",(N55-(N55*W55)),N55) -> 0.48 | AB55: =IF(AC55<=20%,"Muy Baja",IF(AC55<=40%,"Baja",IF(AC55<=60%,"Media",IF(AC55<=80%,"Alta",IF(AC55<=100%,"Muy Alta",0%))))) -> Muy Baja | AC55: =AA62 -> 0.0508032 | AD55: =IF(U55="Impacto",(P55-(P55*W55)),P55) -> 0 | AE55: =IF(AF55<=20%,"Leve",IF(AF55<=40%,"Menor",IF(AF55<=60%,"Moderado",IF(AF55<=80%,"Mayor",IF(AF55<=100%,"Catastrófico",0%))))) -> Leve | AF55: =AD62 -> 0 | AG55: =IF(OR(AND(AB55="Muy Baja",AE55="Leve"),AND(AB55="Muy Baja",AE55="Menor"),AND(AB55="Baja",AE55="Leve")),"Bajo",IF(OR(AND(AB55="Muy Baja",AE55="Moderado"),AND(AB55="Baja",AE55="Menor"),AND(AB55="Baja",AE55="Moderado"),AND(AB55="Media",AE55="Leve"),AND(AB55="Media",AE55="Menor"),AND(AB55="Media",AE55="Moderado"),AND(AB55="Alta",AE55="Leve"),AND(AB55="Alta",AE55="Menor")),"Moderado",IF(OR(AND(AB55="Muy Baja",AE55="Mayor"),AND(AB55="Baja",AE55="Mayor"),AND(AB55="Media",AE55="Mayor"),AND(AB55="Alta",AE55="Moderado"),AND(AB55="Alta",AE55="Mayor"),AND(AB55="Muy Alta",AE55="Leve"),AND(AB55="Muy Alta",AE55="Menor"),AND(AB55="Muy Alta",AE55="Moderado"),AND(AB55="Muy Alta",AE55="Mayor")),"Alto",IF(OR(AND(AB55="Muy Alta",AE55="Catastrófico"),AND(AB55="Alta",AE55="Catastrófico"),AND(AB55="Media",AE55="Catastrófico"),AND(AB55="Baja",AE55="Catastrófico"),AND(AB55="Muy Baja",AE55="Catastrófico")),"Extremo",0%)))) -> Bajo | AH55: Reducir - Mitigación | AI55: Realizar capacitaciones sobre el uso adecuado de las TIC y seguridad de la información | AJ55: Jefe de la Oficina de Gestión de la Información | AK55: 44119 | AL55: 44561 | AM55: 1 | AN55: En curso | AO55: SI | AP55: Ejecución de al menos una actividad de mitigación para reducir el riesgo
R56: 11_02 | S56: El Profesional Especializado III (Oficial de Seguridad) asigna los permisos de seguridad en aplicativos a los perfiles de usuarios solicitados y aprobados por los lideres de procesos, mediante la parametrización en los aplicativos, el registro en la matriz de seguridad de usuarios y perfiles por aplicativo, y la implementación de restricciones web y de acceso a carpetas compartidas | T56: Preventivo | U56: =IF(T56=0," ",IF(T56="Correctivo","Impacto","Probabilidad")) -> Probabilidad | V56: Manual | W56: =SUM(IF(T56="Preventivo",25%,IF(T56="Detectivo",15%,IF(T56="Correctivo",10%,0%))),IF(V56="Automático",25%,IF(V56="Manual",15%,0%))) -> 0.4 | X56: Documentado | Y56: Continua | Z56: Con registro | AA56: =IF(U56="Probabilidad",(AA55-(AA55*W56)),AA55) -> 0.288 | AD56: =IF(U56="Impacto",(AD55-(AD55*W56)),AD55) -> 0
R57: 11_03 | S57: El Sistema de Seguridad de la Información - PC Secure constata que el flujo de información en tránsito sea seguro, detecta que no existan códigos maliciosos y brinda protección contra pérdidas o robo de la información, a través de reportes automáticos, eliminación de códigos maliciosos y puesta en cuarentena de archivos que atenten contra la seguridad de la Entidad. | T57: Correctivo | U57: =IF(T57=0," ",IF(T57="Correctivo","Impacto","Probabilidad")) -> Impacto | V57: Automático | W57: =SUM(IF(T57="Preventivo",25%,IF(T57="Detectivo",15%,IF(T57="Correctivo",10%,0%))),IF(V57="Automático",25%,IF(V57="Manual",15%,0%))) -> 0.35 | X57: Documentado | Y57: Continua | Z57: Con registro | AA57: =IF(U57="Probabilidad",(AA56-(AA56*W57)),AA56) -> 0.288 | AD57: =IF(U57="Impacto",(AD56-(AD56*W57)),AD56) -> 0
R58: 11_04 | S58: El profesional de la Oficina de Gestión de la información administra las herramientas de monitoreo de la infraestructura tecnológica de SAE y realiza seguimiento al rendimiento de los activos de la información de la Entidad (Redes, Sistemas, Servidores, Aplicaciones,entre otros) a partir de informes automáticos del uso de recursos de la infraestructura y diagnósticos de componentes defectuosos, en tiempo real desde la herramientas | T58: Detectivo | U58: =IF(T58=0," ",IF(T58="Correctivo","Impacto","Probabilidad")) -> Probabilidad | V58: Manual | W58: =SUM(IF(T58="Preventivo",25%,IF(T58="Detectivo",15%,IF(T58="Correctivo",10%,0%))),IF(V58="Automático",25%,IF(V58="Manual",15%,0%))) -> 0.3 | X58: Documentado | Y58: Continua | Z58: Con registro | AA58: =IF(U58="Probabilidad",(AA57-(AA57*W58)),AA57) -> 0.2016 | AD58: =IF(U58="Impacto",(AD57-(AD57*W58)),AD57) -> 0
R59: 11_05 | S59: El profesional de la mesa de ayuda de SAE verifica las solicitudes o incidencias que afectan los Sistemas de Información validando las situaciones presentadas y expuestas por parte de los funcionarios, a fin de brindar soluciones correctivas o de mantenimiento evolutivo a partir de la base de conocimientos de la mesa de ayuda. | T59: Correctivo | U59: =IF(T59=0," ",IF(T59="Correctivo","Impacto","Probabilidad")) -> Impacto | V59: Manual | W59: =SUM(IF(T59="Preventivo",25%,IF(T59="Detectivo",15%,IF(T59="Correctivo",10%,0%))),IF(V59="Automático",25%,IF(V59="Manual",15%,0%))) -> 0.25 | X59: Documentado | Y59: Continua | Z59: Con registro | AA59: =IF(U59="Probabilidad",(AA58-(AA58*W59)),AA58) -> 0.2016 | AD59: =IF(U59="Impacto",(AD58-(AD58*W59)),AD58) -> 0
R60: 11_06 | S60: El profesional de la Oficina de Control Interno realiza evaluaciones independientes a la gestión institucional de acuerdo con la programación establecida en el Plan Anual de Auditorías Institucional- PAAI a fin de identificar riesgos, desviaciones o irregularidades | T60: Detectivo | U60: =IF(T60=0," ",IF(T60="Correctivo","Impacto","Probabilidad")) -> Probabilidad | V60: Manual | W60: =SUM(IF(T60="Preventivo",25%,IF(T60="Detectivo",15%,IF(T60="Correctivo",10%,0%))),IF(V60="Automático",25%,IF(V60="Manual",15%,0%))) -> 0.3 | X60: Documentado | Y60: Aleatoria | Z60: Con registro | AA60: =IF(U60="Probabilidad",(AA59-(AA59*W60)),AA59) -> 0.14112 | AD60: =IF(U60="Impacto",(AD59-(AD59*W60)),AD59) -> 0
R61: 11_07 | S61: La Gerente de Talento Humano desde el proceso de vinculación asegura que los funcionarios firmen el acuerdo de confidencialidad de la información y el cumplimientos a las politicas de seguridad de la información, procedimientos y documentos que soportan los procesos de negocio | T61: Preventivo | U61: =IF(T61=0," ",IF(T61="Correctivo","Impacto","Probabilidad")) -> Probabilidad | V61: Manual | W61: =SUM(IF(T61="Preventivo",25%,IF(T61="Detectivo",15%,IF(T61="Correctivo",10%,0%))),IF(V61="Automático",25%,IF(V61="Manual",15%,0%))) -> 0.4 | X61: Documentado | Y61: Continua | Z61: Con registro | AA61: =IF(U61="Probabilidad",(AA60-(AA60*W61)),AA60) -> 0.084672 | AD61: =IF(U61="Impacto",(AD60-(AD60*W61)),AD60) -> 0
R62: 11_08 | S62: El profesional Especializado III (Oficial de Seguridad), realiza capacitaciones y campañas de sensibilización relacionadas con las politicas de seguridad adoptadas por la entidad a fin de reforzar las responsabilidades del uso y acceso a la información | T62: Preventivo | U62: =IF(T62=0," ",IF(T62="Correctivo","Impacto","Probabilidad")) -> Probabilidad | V62: Manual | W62: =SUM(IF(T62="Preventivo",25%,IF(T62="Detectivo",15%,IF(T62="Correctivo",10%,0%))),IF(V62="Automático",25%,IF(V62="Manual",15%,0%))) -> 0.4 | X62: Documentado | Y62: Continua | Z62: Con registro | AA62: =IF(U62="Probabilidad",(AA61-(AA61*W62)),AA61) -> 0.0508032 | AD62: =IF(U62="Impacto",(AD61-(AD61*W62)),AD61) -> 0
A63: 13 | B63: TODOS LOS PROCESOS | G63: Puede ocurrir apropiación ilegal, en beneficio propio o de un tercero, de los bienes del estado. | H63: Como consecuencias de la ineficacia de los controles definidos Debido a que no se cuente con lineamientos claros, en términos de conflictos de interés Falta de difusión de los lineamientos o políticas sobre conflictos de interés Falta de recurso humano que permita realizar seguimiento administrativo al portafolio de la entidad Alta rotación de personal Falta de capacitación y socialización de las políticas de la entidad tanto al ingreso de nuevos funcionarios como de manera periódica (funcionarios, contratistas y depositarios) | I63: Lo cual generaría una pérdida de imagen reputacional Lo cual generaría Sanciones a la entidad y sus funcionarios Lo cual ocasionaría denuncias y demandas de la ciudadanía Pérdida de recursos económicos | J63: Talento Humano | K63: Corrupción | L63: 247 | M63: =IF(L63<=2,"Muy Baja",IF(L63<=24,"Baja",IF(L63<=500,"Media",IF(L63<=5000,"Alta",IF(L63>5000,"Muy Alta"," "))))) -> Media | N63: =IF(M63="Muy alta",100%,IF(M63="Alta",80%,IF(M63="Media",60%,IF(M63="Baja",40%,IF(M63="Muy baja",20%,0%))))) -> 0.6 | O63: =IF(P63=100%,"Catastrófico",IF(P63=80%,"Mayor",IF(P63=60%,"Moderado",IF(P63=40%,"Menor",IF(P63=20%,"Leve"," "))))) | P63: =IFERROR(ROUND(AVERAGEIF([3]Impacto_Riesgos_Corrupción!$C$9:$AA$137,Mapa_riesgos_corrupción!A63,[3]Impacto_Riesgos_Corrupción!$AA$9:$AA$137),0),0) -> 0 | Q63: =IF(OR(AND(M63="Muy Baja",O63="Leve"),AND(M63="Muy Baja",O63="Menor"),AND(M63="Baja",O63="Leve")),"Bajo",IF(OR(AND(M63="Muy Baja",O63="Moderado"),AND(M63="Baja",O63="Menor"),AND(M63="Baja",O63="Moderado"),AND(M63="Media",O63="Leve"),AND(M63="Media",O63="Menor"),AND(M63="Media",O63="Moderado"),AND(M63="Alta",O63="Leve"),AND(M63="Alta",O63="Menor")),"Moderado",IF(OR(AND(M63="Muy Baja",O63="Mayor"),AND(M63="Baja",O63="Mayor"),AND(M63="Media",O63="Mayor"),AND(M63="Alta",O63="Moderado"),AND(M63="Alta",O63="Mayor"),AND(M63="Muy Alta",O63="Leve"),AND(M63="Muy Alta",O63="Menor"),AND(M63="Muy Alta",O63="Moderado"),AND(M63="Muy Alta",O63="Mayor")),"Alto",IF(OR(AND(M63="Muy Alta",O63="Catastrófico"),AND(M63="Alta",O63="Catastrófico"),AND(M63="Media",O63="Catastrófico"),AND(M63="Baja",O63="Catastrófico"),AND(M63="Muy Baja",O63="Catastrófico")),"Extremo"," ")))) | R63: 13_01 | S63: El Gerente de Talento Humano anualmente solicita a todos los servidores de SAE, el reporte de bienes y rentas, asegurando la publicación en el aplicativo SIGEP para los servidores que deben hacerlo. | T63: Detectivo | U63: =IF(T63=0," ",IF(T63="Correctivo","Impacto","Probabilidad")) -> Probabilidad | V63: Manual | W63: =SUM(IF(T63="Preventivo",25%,IF(T63="Detectivo",15%,IF(T63="Correctivo",10%,0%))),IF(V63="Automático",25%,IF(V63="Manual",15%,0%))) -> 0.3 | X63: Documentado | Y63: Aleatoria | Z63: Con registro | AA63: =IF(U63="Probabilidad",(N63-(N63*W63)),N63) -> 0.42 | AB63: =IF(AC63<=20%,"Muy Baja",IF(AC63<=40%,"Baja",IF(AC63<=60%,"Media",IF(AC63<=80%,"Alta",IF(AC63<=100%,"Muy Alta",0%))))) -> Muy Baja | AC63: =AA68 -> 0.0605052 | AD63: =IF(U63="Impacto",(P63-(P63*W63)),P63) -> 0 | AE63: =IF(AF63<=20%,"Leve",IF(AF63<=40%,"Menor",IF(AF63<=60%,"Moderado",IF(AF63<=80%,"Mayor",IF(AF63<=100%,"Catastrófico",0%))))) -> Leve | AF63: =AD68 -> 0 | AG63: =IF(OR(AND(AB63="Muy Baja",AE63="Leve"),AND(AB63="Muy Baja",AE63="Menor"),AND(AB63="Baja",AE63="Leve")),"Bajo",IF(OR(AND(AB63="Muy Baja",AE63="Moderado"),AND(AB63="Baja",AE63="Menor"),AND(AB63="Baja",AE63="Moderado"),AND(AB63="Media",AE63="Leve"),AND(AB63="Media",AE63="Menor"),AND(AB63="Media",AE63="Moderado"),AND(AB63="Alta",AE63="Leve"),AND(AB63="Alta",AE63="Menor")),"Moderado",IF(OR(AND(AB63="Muy Baja",AE63="Mayor"),AND(AB63="Baja",AE63="Mayor"),AND(AB63="Media",AE63="Mayor"),AND(AB63="Alta",AE63="Moderado"),AND(AB63="Alta",AE63="Mayor"),AND(AB63="Muy Alta",AE63="Leve"),AND(AB63="Muy Alta",AE63="Menor"),AND(AB63="Muy Alta",AE63="Moderado"),AND(AB63="Muy Alta",AE63="Mayor")),"Alto",IF(OR(AND(AB63="Muy Alta",AE63="Catastrófico"),AND(AB63="Alta",AE63="Catastrófico"),AND(AB63="Media",AE63="Catastrófico"),AND(AB63="Baja",AE63="Catastrófico"),AND(AB63="Muy Baja",AE63="Catastrófico")),"Extremo",0%)))) -> Bajo | AH63: Reducir - Mitigación | AI63: Realizar capacitación sobre el código de ética y los efectos disciplinarios que conllevan actos inapropiados por parte de los Funcionarios de la SAE | AJ63: Gerencia de Talento Humano | AK63: 44270 | AL63: 44296 | AM63: En el periodo se contrataron 31 personas a las cuales se les envió el codigo de ética y el formato "Carta de conocimiento y aceptación del código de ética" el cual debió ser firmado y enviado con su contrato de trabajo mediante vinculación virtual. | AN63: En curso | AO63: SI | AP63: Ejecución de al menos una actividad de mitigación para reducir el riesgo
R64: 13_02 | S64: El Coordinador del GIT de Servicios Administrativos verifica mensualmente el inventario detallado de activos de funcionamiento de SAE, realizando una conciliación de esta base con las unidades registradas en el aplicativo, los comprobantes de traslado de activos a terceros, y los formatos de inventario de activos fijos por funcionario. | T64: Detectivo | U64: =IF(T64=0," ",IF(T64="Correctivo","Impacto","Probabilidad")) -> Probabilidad | V64: Manual | W64: =SUM(IF(T64="Preventivo",25%,IF(T64="Detectivo",15%,IF(T64="Correctivo",10%,0%))),IF(V64="Automático",25%,IF(V64="Manual",15%,0%))) -> 0.3 | X64: Documentado | Y64: Aleatoria | Z64: Con registro | AA64: =IF(U64="Probabilidad",(AA63-(AA63*W64)),AA63) -> 0.294 | AD64: =IF(U64="Impacto",(AD63-(AD63*W64)),AD63) -> 0
R65: 13_03 | S65: El Coordinador del GIT de Servicios Administrativos genera un control para la asignación de bienes devolutivos y elementos de consumo a funcionarios, a partir de la entrega de activos con placas impresas de identificación, el registro de traslado de activos a terceros en el módulo de aplicativo ERP Seven y con la suscripción del comprobante de traslado firmado directamente por el funcionario quien recibe este tipo de activos. | T65: Preventivo | U65: =IF(T65=0," ",IF(T65="Correctivo","Impacto","Probabilidad")) -> Probabilidad | V65: Manual | W65: =SUM(IF(T65="Preventivo",25%,IF(T65="Detectivo",15%,IF(T65="Correctivo",10%,0%))),IF(V65="Automático",25%,IF(V65="Manual",15%,0%))) -> 0.4 | X65: Documentado | Y65: Continua | Z65: Con registro | AA65: =IF(U65="Probabilidad",(AA64-(AA64*W65)),AA64) -> 0.1764 | AD65: =IF(U65="Impacto",(AD64-(AD64*W65)),AD64) -> 0
R66: 13_04 | S66: El Coordinador Operativo de las Gerencias Regionales verifica el estado de ocupación, uso, estado de conservación y novedades sobre los bienes inmuebles del portafolio de SAE que se encuentran en su región, cada vez que sea requerido, mediante visitas de inspección (Informes de visitas), mesas de trabajo con los depositarios (Actas), y/o diagnóstico de bienes (Formato diligenciado). | T66: Detectivo | U66: =IF(T66=0," ",IF(T66="Correctivo","Impacto","Probabilidad")) -> Probabilidad | V66: Manual | W66: =SUM(IF(T66="Preventivo",25%,IF(T66="Detectivo",15%,IF(T66="Correctivo",10%,0%))),IF(V66="Automático",25%,IF(V66="Manual",15%,0%))) -> 0.3 | X66: Documentado | Y66: Aleatoria | Z66: Con registro | AA66: =IF(U66="Probabilidad",(AA65-(AA65*W66)),AA65) -> 0.12348 | AD66: =IF(U66="Impacto",(AD65-(AD65*W66)),AD65) -> 0 | AI66: Realizar capacitación sobre los efectos penales en los que incurre los colaboradores de SAE | AJ66: Gerencia de Asuntos Legales | AK66: 44459 | AL66: 44480 | AM66: No se han realizado teniendo en cuenta que la fecha de programación | AN66: Sin iniciar
R67: 13_05 | S67: El Jefe de la Oficina de Comunicaciones y Atención al Ciudadano recibe y registra las denuncias recibidas sobre la administración de activos del portafolio de SAE en los canales oficiales de comunicación (portal web, redes sociales oficiales, correos electrónicos, medios masivos de comunicación y conmutador) y canaliza según corresponda a la Oficina de Talento Humano o a la Gerencia de Asuntos Legales llevando un control de correspondencia. | T67: Detectivo | U67: =IF(T67=0," ",IF(T67="Correctivo","Impacto","Probabilidad")) -> Probabilidad | V67: Manual | W67: =SUM(IF(T67="Preventivo",25%,IF(T67="Detectivo",15%,IF(T67="Correctivo",10%,0%))),IF(V67="Automático",25%,IF(V67="Manual",15%,0%))) -> 0.3 | X67: Sin documentar | Y67: Aleatoria | Z67: Con registro | AA67: =IF(U67="Probabilidad",(AA66-(AA66*W67)),AA66) -> 0.086436 | AD67: =IF(U67="Impacto",(AD66-(AD66*W67)),AD66) -> 0
R68: 13_06 | S68: El profesional de la Oficina de Control Interno realiza evaluaciones independientes a la gestión institucional de acuerdo con la programación establecida en el Plan Anual de Auditorías Institucional- PAAI a fin de identificar riesgos, desviaciones o irregularidades | T68: Detectivo | U68: =IF(T68=0," ",IF(T68="Correctivo","Impacto","Probabilidad")) -> Probabilidad | V68: Manual | W68: =SUM(IF(T68="Preventivo",25%,IF(T68="Detectivo",15%,IF(T68="Correctivo",10%,0%))),IF(V68="Automático",25%,IF(V68="Manual",15%,0%))) -> 0.3 | X68: Documentado | Y68: Aleatoria | Z68: Con registro | AA68: =IF(U68="Probabilidad",(AA67-(AA67*W68)),AA67) -> 0.0605052 | AD68: =IF(U68="Impacto",(AD67-(AD67*W68)),AD67) -> 0
A69: 128 | B69: EVALUACIÒN Y CONTROL | G69: Puede ocurrir que se presente manipulación o direccionamiento de información procesada o generada en el marco de la actividad de la auditoría interna, con el fin de obtener provecho propio o de un tercero | H69: Debido a que se presente presión, amenazas internas y externas Debido a que se solicite comisión, o recompensa por parte de un colaborador de la OCI a los auditados para adulterar, modificar u ocultar una oportunidad de mejora evidenciada durante la auditoría, seguimiento o evaluación Debido a que los responsables deseen evitar investigaciones disciplinarias, penales o fiscales Debido que se busque favorecer a terceros Debido a que se pueda limitar el alcance de las auditorías en busca de un beneficio propio o de un tercero | I69: Toma de decisiones de la Alta Dirección equivocadas o no acordes con la realidad institucional Vulneración del principio de confidencialidad Favorecimiento o perjuicio a los auditados Afectación de la imagen de la Oficina de Control Interno | J69: Talento Humano | K69: Corrupción | L69: 12 | M69: =IF(L69<=2,"Muy Baja",IF(L69<=24,"Baja",IF(L69<=500,"Media",IF(L69<=5000,"Alta",IF(L69>5000,"Muy Alta"," "))))) -> Baja | N69: =IF(M69="Muy alta",100%,IF(M69="Alta",80%,IF(M69="Media",60%,IF(M69="Baja",40%,IF(M69="Muy baja",20%,0%))))) -> 0.4 | O69: =IF(P69=100%,"Catastrófico",IF(P69=80%,"Mayor",IF(P69=60%,"Moderado",IF(P69=40%,"Menor",IF(P69=20%,"Leve"," "))))) | P69: =IFERROR(ROUND(AVERAGEIF([3]Impacto_Riesgos_Corrupción!$C$9:$AA$137,Mapa_riesgos_corrupción!A69,[3]Impacto_Riesgos_Corrupción!$AA$9:$AA$137),0),0) -> 0 | Q69: =IF(OR(AND(M69="Muy Baja",O69="Leve"),AND(M69="Muy Baja",O69="Menor"),AND(M69="Baja",O69="Leve")),"Bajo",IF(OR(AND(M69="Muy Baja",O69="Moderado"),AND(M69="Baja",O69="Menor"),AND(M69="Baja",O69="Moderado"),AND(M69="Media",O69="Leve"),AND(M69="Media",O69="Menor"),AND(M69="Media",O69="Moderado"),AND(M69="Alta",O69="Leve"),AND(M69="Alta",O69="Menor")),"Moderado",IF(OR(AND(M69="Muy Baja",O69="Mayor"),AND(M69="Baja",O69="Mayor"),AND(M69="Media",O69="Mayor"),AND(M69="Alta",O69="Moderado"),AND(M69="Alta",O69="Mayor"),AND(M69="Muy Alta",O69="Leve"),AND(M69="Muy Alta",O69="Menor"),AND(M69="Muy Alta",O69="Moderado"),AND(M69="Muy Alta",O69="Mayor")),"Alto",IF(OR(AND(M69="Muy Alta",O69="Catastrófico"),AND(M69="Alta",O69="Catastrófico"),AND(M69="Media",O69="Catastrófico"),AND(M69="Baja",O69="Catastrófico"),AND(M69="Muy Baja",O69="Catastrófico")),"Extremo"," ")))) | R69: 128_01 | S69: El Jefe de la Oficina de Control Interno valida que todos los auditores de la oficina se comprometan a cumplir el código de ética en el ejercicio a realizar en cada auditoría interna de gestión a través de la suscripción del documento "Manifestación expresa de aceptación individual de los auditores - Código de ética de los auditores internos SAE SAS) | T69: Preventivo | U69: =IF(T69=0," ",IF(T69="Correctivo","Impacto","Probabilidad")) -> Probabilidad | V69: Manual | W69: =SUM(IF(T69="Preventivo",25%,IF(T69="Detectivo",15%,IF(T69="Correctivo",10%,0%))),IF(V69="Automático",25%,IF(V69="Manual",15%,0%))) -> 0.4 | X69: Documentado | Y69: Continua | Z69: Con registro | AA69: =IF(U69="Probabilidad",(N69-(N69*W69)),N69) -> 0.24 | AB69: =IF(AC69<=20%,"Muy Baja",IF(AC69<=40%,"Baja",IF(AC69<=60%,"Media",IF(AC69<=80%,"Alta",IF(AC69<=100%,"Muy Alta",0%))))) -> Muy Baja | AC69: =AA73 -> 0.0864 | AD69: =IF(U69="Impacto",(P69-(P69*W69)),P69) -> 0 | AE69: =IF(AF69<=20%,"Leve",IF(AF69<=40%,"Menor",IF(AF69<=60%,"Moderado",IF(AF69<=80%,"Mayor",IF(AF69<=100%,"Catastrófico",0%))))) -> Leve | AF69: =AD73 -> 0 | AG69: =IF(OR(AND(AB69="Muy Baja",AE69="Leve"),AND(AB69="Muy Baja",AE69="Menor"),AND(AB69="Baja",AE69="Leve")),"Bajo",IF(OR(AND(AB69="Muy Baja",AE69="Moderado"),AND(AB69="Baja",AE69="Menor"),AND(AB69="Baja",AE69="Moderado"),AND(AB69="Media",AE69="Leve"),AND(AB69="Media",AE69="Menor"),AND(AB69="Media",AE69="Moderado"),AND(AB69="Alta",AE69="Leve"),AND(AB69="Alta",AE69="Menor")),"Moderado",IF(OR(AND(AB69="Muy Baja",AE69="Mayor"),AND(AB69="Baja",AE69="Mayor"),AND(AB69="Media",AE69="Mayor"),AND(AB69="Alta",AE69="Moderado"),AND(AB69="Alta",AE69="Mayor"),AND(AB69="Muy Alta",AE69="Leve"),AND(AB69="Muy Alta",AE69="Menor"),AND(AB69="Muy Alta",AE69="Moderado"),AND(AB69="Muy Alta",AE69="Mayor")),"Alto",IF(OR(AND(AB69="Muy Alta",AE69="Catastrófico"),AND(AB69="Alta",AE69="Catastrófico"),AND(AB69="Media",AE69="Catastrófico"),AND(AB69="Baja",AE69="Catastrófico"),AND(AB69="Muy Baja",AE69="Catastrófico")),"Extremo",0%)))) -> Bajo | AH69: Reducir - Mitigación | AI69: Realizar capacitación de riesgos de corrupción para sensibilizar a los funcionarios de las metodologías de gestión y seguimiento de este tipo de riesgos | AJ69: Oficina Asesora de Planeación Gerencia de Talento Humano | AK69: 44270 | AL69: 44296 | AM69: * Gerencia de Talento Humano: La Gerencia de Talento Humano en la contratación de los servidores socializa el Codigo de Etica y Buen Gobierno dejando como la evidencia la firma el formato "Carta de conocimiento y aceptación del código de ética" complementando con la realización del curso virtual de integridad, transparencia y lucha contra la corrupción del DAFP del cual se piden los certificados * Oficina Asesora de Planeación: en el primer semestre se realizó un video con capacitación relacionada con la metodología de gestión de riesgos enmarcada en riesgos de corrupción, para su respectiva socialización con las partes interesadas | AN69: Finalizado | AO69: SI | AP69: Ejecución de al menos una actividad de mitigación para reducir el riesgo
R70: 128_02 | S70: El Jefe de Control Interno valida con las áreas auditadas el informe de auditoría interna de gestión a través de remisión del informe vía correo electrónico y reuniones de socialización o aclaración de resultados | T70: Preventivo | U70: =IF(T70=0," ",IF(T70="Correctivo","Impacto","Probabilidad")) -> Probabilidad | V70: Manual | W70: =SUM(IF(T70="Preventivo",25%,IF(T70="Detectivo",15%,IF(T70="Correctivo",10%,0%))),IF(V70="Automático",25%,IF(V70="Manual",15%,0%))) -> 0.4 | X70: Documentado | Y70: Continua | Z70: Con registro | AA70: =IF(U70="Probabilidad",(AA69-(AA69*W70)),AA69) -> 0.144 | AD70: =IF(U70="Impacto",(AD69-(AD69*W70)),AD69) -> 0 | AI70: Promover en la SAE una cultura empresarial de autocontrol y de la importancia de la evaluación independiente en la gestión institucional a través de mensajes de comunicación interna al interior de la Entidad | AJ70: Oficina de Control Interno Oficina de Comunicaciones y Atención al Ciudadano | AK70: 44428 | AL70: 44479 | AM70: * Oficina de Comunicaciones y Atención al Ciudadano: 100% * Oficina de Control Interno: No se encuentra programado para este trimestre. | AN70: Sin iniciar
R71: 128_03 | S71: El profesional de la Oficina Asesora de Planeación brinda asesoría relacionada con el formulación del plan de mejoramiento, para asegurar su adecuado diligenciamiento, cuando sea solicitado por las áreas, mediante mesas de trabajo programadas. | T71: Preventivo | U71: =IF(T71=0," ",IF(T71="Correctivo","Impacto","Probabilidad")) -> Probabilidad | V71: Manual | W71: =SUM(IF(T71="Preventivo",25%,IF(T71="Detectivo",15%,IF(T71="Correctivo",10%,0%))),IF(V71="Automático",25%,IF(V71="Manual",15%,0%))) -> 0.4 | X71: Documentado | Y71: Continua | Z71: Con registro | AA71: =IF(U71="Probabilidad",(AA70-(AA70*W71)),AA70) -> 0.0864 | AD71: =IF(U71="Impacto",(AD70-(AD70*W71)),AD70) -> 0 | AI71: Realizar capacitación de la dimensión 7 del MIPG, incluida la Gestión de Riesgos desde la perspectiva de Control Interno. | AJ71: Oficina de Control Interno Oficina Asesora de Planeación | AK71: 44278 | AL71: 44296 | AM71: Oficina de Control interno: Finalizada en el primer trimestre de 2021. Oficina Asesora de Planeación: En el primer semestre se realizó capacitacion conjuntamente con la Oficina de Control Interno, sensibilizando a los gestores de riesgos en cuanto a la dimesión 7 del MIPG y de las generalidades de la gestión del riesgo. | AN71: Finalizado
U72: =IF(T72=0," ",IF(T72="Correctivo","Impacto","Probabilidad")) | W72: =SUM(IF(T72="Preventivo",25%,IF(T72="Detectivo",15%,IF(T72="Correctivo",10%,0%))),IF(V72="Automático",25%,IF(V72="Manual",15%,0%))) -> 0 | AA72: =IF(U72="Probabilidad",(AA71-(AA71*W72)),AA71) -> 0.0864 | AD72: =IF(U72="Impacto",(AD71-(AD71*W72)),AD71) -> 0
U73: =IF(T73=0," ",IF(T73="Correctivo","Impacto","Probabilidad")) | W73: =SUM(IF(T73="Preventivo",25%,IF(T73="Detectivo",15%,IF(T73="Correctivo",10%,0%))),IF(V73="Automático",25%,IF(V73="Manual",15%,0%))) -> 0 | AA73: =IF(U73="Probabilidad",(AA72-(AA72*W73)),AA72) -> 0.0864 | AD73: =IF(U73="Impacto",(AD72-(AD72*W73)),AD72) -> 0
